 Dungeon Crawl Stone Soup version 0.31-a0-1009-g454b1f1e0a (webtiles) character file.

Game seed: 3854042208369666974

2364145 MackTheKnife the Skinwalker (level 25, 90/118 (127) HPs)
             Began as a Felid Chaos Knight on Nov 13, 2023.
             Was a Favourite Plaything of Xom.
             Escaped with the Orb
             ... and 4 runes!
             The game lasted 02:59:06 (65721 turns).

MackTheKnife the Skinwalker (Felid Chaos Knight)   Turns: 65721, Time: 02:59:06

HP:   90/118 (127)  AC: 12    Str: 15    XL:     25   Next: 36%
MP:   35/35         EV: 65    Int: 17    God:    Xom [......]
Gold: 6165          SH:  5    Dex: 23    Spells: 3/39 levels left
                                        Lives: 2   Deaths: 3

rFire   + +          .
                       - Unarmed
rCold   + . .        (shield unavailable)
rNeg    + . .        (body armour unavailable) rPois โˆž
                     (helmet unavailable)
rElec   +            (cloak unavailable)
rCorr   +            (gloves unavailable)
SInv    +            (boots unavailable)
Will    +++..        R - amulet of reflection
Stlth   ++           Q - ring of Ugue {+Blink rC+ rN+ SInv}
HPRegen 0.39/turn    t - ring "Erao" {Drain rPois rF++ rCorr Int+2}
MPRegen 0.24/turn

%: reflection
@: storm-form, flying, hasted, studying Summonings, drained, very quick
A: cleaving, insubstantial, flying, very small, (claws 1), (fangs 3), see
invisible, (speed 1), (shaggy fur 3), (stealthy paws), no weapons or thrown
items, no armour, multi-lived, (horns 1), agile 1, strong 1, wild magic 2,
evolution 1, (heat vulnerability 1)
0: Orb of Zot
}: 4/15 runes: serpentine, barnacled, slimy, silver
a: Blinkbolt, Begin Untransformation, Renounce Religion, Evoke Blink


You escaped.
You worshipped Xom.
You were a very special plaything of Xom.
You were a lightning-filled tempest!
You visited 10 branches of the dungeon, and saw 52 of its levels.
You visited the Abyss 1 time.
You visited 1 bazaar.
You also visited: Trove, Ice Cave and Volcano.

You collected 13447 gold pieces.
You spent 7282 gold pieces at shops.


Innate Abilities, Weirdness & Mutations

You are a lightning-filled tempest!
Your electrical attacks strike out in all directions at once.
You are incredibly evasive.
Your insubstantial body is immune to petrification, constriction, and being set on fire You are flying.
You are immune to poison.
((You have sharp claws.))
((You have razor-sharp teeth.))
You have supernaturally acute eyesight. (SInv)
((You cover ground quickly. (Speed+)))
((Your thick and shaggy fur keeps you warm. (AC +3, rC+)))
((Your paws help you pounce on unaware monsters.))
You are incapable of wielding weapons or throwing items.
You cannot wear armour.
You gain extra lives every three experience levels.
((You have a pair of small horns on your head.))
You are agile. (Dex +4, Str/Int -1)
Your muscles are strong. (Str +4, Int/Dex -1)
Your spells are harder to cast, but more powerful.
You have hidden genetic potential.
((You are vulnerable to heat. (rF-)))


   Skills:
 + Level 20.8 Fighting
 - Level 24.0 Dodging
 - Level 10.0 Stealth
 - Level 20.0 Unarmed Combat
 - Level 7.9 Spellcasting
 - Level 6.7 Conjurations
 - Level 7.5 Hexes
 - Level 10.0 Summonings
 - Level 8.0 Necromancy
 - Level 12.0 Translocations
 - Level 6.0 Transmutations
 - Level 6.7 Earth Magic
 - Level 8.2 Evocations
 - Level 24.2 Shapeshifting


You had 3 spell levels left.
You knew the following spells:

 Your Spells              Type           Power      Damage    Failure   Level
a - Wereblood             Tmut           43%        N/A       4%          2
b - Stone Arrow           Conj/Erth      94%        3d12      6%          3
c - Manifold Assault      Tloc           66%        N/A       3%          4
d - Call Canine Familiar  Summ           60%        N/A       2%          3
e - Blink                 Tloc           100%       N/A       1%          2
f - Summon Forest         Summ/Tloc      31%        N/A       9%          5
g - Passage of Golubria   Tloc           66%        N/A       3%          4
h - Animate Dead          Necr           53%        N/A       11%         4
i - Yara's Violent Unrav  Hex/Tmut       23%        3d10      34%         5
j - Vhi's Electric Charg  Tloc/Air       86%        N/A       19%         4

Your spell library contained the following spells:

 Spells                   Type           Power      Damage    Failure   Level
 Apportation              Tloc           100%       N/A       1%          1
 Summon Small Mammal      Summ           100%       N/A       1%          1
 Call Imp                 Summ           100%       N/A       1%          2
 Lesser Beckoning         Tloc           100%       N/A       1%          2
 Gell's Gravitas          Tloc           66%        N/A       1%          3
 Teleport Other           Tloc           66%        N/A       1%          3
 Kiss of Death            Conj/Necr      100%       2d13      2%          1
 Necrotise                Necr           100%       1d9       2%          1
 Slow                     Hex            100%       N/A       2%          1
 Momentum Strike          Conj/Tloc      100%       3d10      2%          2
 Magic Dart               Conj           100%       1d8       3%          1
 Sandblast                Erth           94%        2d19      3%          1
 Jinxbite                 Hex            100%       N/A       3%          2
 Summon Guardian Golem    Hex/Summ       55%        N/A       3%          3
 Passwall                 Tmut/Erth      37%        N/A       4%          2
 Confusing Touch          Hex            51%        N/A       4%          3
 Sigil of Binding         Hex            51%        N/A       4%          3
 Tukima's Dance           Hex            51%        N/A       4%          3
 Vampiric Draining        Necr           53%        2d9       4%          3
 Dazzling Flash           Conj/Hex       98%        N/A       5%          3
 Foxfire                  Conj/Fire      100%       2x1d9     8%          1
 Volatile Blastmotes      Fire/Tloc      86%        2d17      8%          3
 Sting                    Tmut/Pois      100%       1d8       9%          1
 Ensorcelled Hibernation  Hex/Ice        62%        N/A       9%          2
 Static Discharge         Conj/Air       58%        3-6/arc   11%         2
 Cigotuvi's Dreadful Rot  Necr/Pois/Air  50%        N/A       13%         2
 Hailstorm                Conj/Ice       29%        3d8       17%         3
 Freeze                   Ice            40%        1d6       22%         1
 Mephitic Cloud           Conj/Pois/Air  23%        N/A       26%         3
 Ignite Poison            Fire/Tmut/Pois 21%        N/A       28%         3
 Poisonous Vapours        Pois/Air       20%        N/A       30%         2
 Scorch                   Fire           20%        2d5       30%         2
 Frozen Ramparts          Ice            20%        1d4       50%         3
 Ozocubu's Armour         Ice            10%        N/A       50%         3
 Swiftness                Air            10%        N/A       50%         3
 Iskenderun's Mystic Bla  Conj/Tloc      58%        2d12      7%          4
 Dispel Undead            Necr           53%        3d19      11%         4
 Cause Fear               Hex            25%        N/A       12%         4
 Leda's Liquefaction      Hex/Erth       24%        N/A       13%         4
 Brom's Barrelling Bould  Conj/Erth      47%        2d6       14%         4
 Petrify                  Tmut/Erth      45%        N/A       17%         4
 Summon Mana Viper        Hex/Summ       55%        N/A       17%         5
 Agony                    Necr           53%        N/A       22%         5
 Dispersal                Tloc           33%        N/A       24%         6
 Summon Lightning Spire   Summ/Air       37%        N/A       28%         4
 Borgnjor's Vile Clutch   Necr/Erth      25%        N/A       28%         5
 Iskenderun's Battlesphe  Conj           47%        2d10      34%         5
 Lee's Rapid Deconstruct  Erth           23%        3d13*     34%         5
 Irradiate                Conj/Tmut      22%        3d19      38%         5
 Flame Wave               Conj/Fire      29%        2d9       43%         4
 Summon Cactus Giant      Summ           30%        N/A       43%         6
 Metabolic Englaciation   Hex/Ice        15%        N/A       69%         5
 Silence                  Hex/Air        15%        N/A       69%         5
 Death Channel            Necr           26%        N/A       69%         6
 Arcjolt                  Conj/Air       14%        1d24      75%         5
 Fireball                 Conj/Fire      14%        3d8       75%         5
 Alistair's Intoxication  Tmut/Pois      18%        N/A       80%         5
 Bombard                  Conj/Erth      23%        9d4       83%         6
 Malign Gateway           Summ/Tloc      31%        N/A       83%         7
 Airstrike                Air            5%         2d(1-17)  85%         4
 Olgreb's Toxic Radiance  Pois           10%        N/A       85%         4
 Freezing Cloud           Conj/Ice/Air   11%        6-21      87%         5
 Summon Hydra             Summ           30%        N/A       92%         7
 Haunt                    Necr/Summ      28%        N/A       97%         7
 Conjure Ball Lightning   Conj/Air       14%        3x3d6     99%         6
 Simulacrum               Ice/Necr       16%        N/A       99%         6
 Starburst                Conj/Fire      14%        6d6       99%         6
 Spellforged Servitor     Conj/Summ      27%        N/A       99%         7
 Eringya's Noxious Bog    Tmut/Pois      13%        4d6       100%        6
 Plasma Beam              Fire/Air       5%         2x1d15    100%        6
 Orb of Destruction       Conj           23%        9d8       100%        7
 Ozocubu's Refrigeration  Ice            5%         4d8       100%        7
 Borgnjor's Revivificati  Necr           26%        N/A       100%        8
 Discord                  Hex            25%        N/A       100%        8
 Disjunction              Tloc           33%        N/A       100%        8
 Ignition                 Fire           5%         3d4       100%        8
 Infestation              Necr           26%        N/A       100%        8
 Lehudib's Crystal Spear  Conj/Erth      23%        10d7      100%        8
 Maxwell's Capacitive Co  Air            5%         โˆž       100%        8
 Summon Horrible Things   Summ           30%        N/A       100%        8
 Dragon's Call            Summ           30%        N/A       100%        9
 Polar Vortex             Ice            5%         N/A       100%        9
 Sublimation of Blood     Necr           Unusable   N/A       N/A         2
 Dimensional Bullseye     Hex/Tloc       Unusable   N/A       N/A         4

Inventory:

Jewellery
 k - an amulet of magic regeneration {@e2}
   (You bought it in a shop on level 10 of the Dungeon)
 m - the ring "Vonavad" {rC+ Str+3 Stlth+}
   (You found it in an ice cave)

   [ring of protection from cold]

   Str+3:     It affects your strength (+3).
   rC+:       It protects you from cold.
   Stlth+:    It makes you more stealthy.
 t - the ring "Erao" (right paw) {Drain rPois rF++ rCorr Int+2}
   (You bought it in a shop on level 7 of the Dungeon)

   [ring of resist corrosion]

   Int+2:     It affects your intelligence (+2).
   rF++:      It greatly protects you from fire.
   rPois:     It protects you from poison rCorr: It protects you from acid and
   corrosion.
   Drain:     It drains your maximum health when unequipped.
 v - the ring of Asceticism {Int+6 Dex+2 Stlth+}
   (You bought it in a shop on level 7 of the Dungeon)

   [ring of intelligence]

   Int+6:     It affects your intelligence (+6).
   Dex+2:     It affects your dexterity (+2).
   Stlth+:    It makes you more stealthy.
 Q - the ring of Ugue (left paw) {+Blink rC+ rN+ SInv}
   (You found it on level 3 of the Elven Halls)

   [ring of positive energy]

   rC+:       It protects you from cold.
   rN+:       It protects you from negative energy.
   SInv:      It lets you see invisible.
   +Blink:    It lets you blink.
 R - an amulet of reflection (around neck)
   (You found it on level 1 of the Depths)
 T - a ring of protection from fire
   (You took it off a tengu reaver on level 5 of the Vaults)
Talismans
 q - a storm talisman (active)
   (You found it on level 2 of the Dungeon)
 N - a granite talisman
   (You bought it in a shop on level 2 of the Snake Pit)
Wands
 l - a wand of polymorph (18)
   (You found it on level 8 of the Dungeon)
 r - a wand of mindburst (53)
   (You found it on level 3 of the Dungeon)
 w - a wand of roots (76)
   (You found it on level 6 of the Dungeon)
 y - a wand of paralysis (90)
   (You found it on level 1 of the Lair of Beasts)
 B - a wand of acid (16)
   (You found it on level 10 of the Dungeon)
 G - a wand of flame (55)
   (You took it off Sonja on level 1 of the Orcish Mines)
 J - a wand of digging (12)
   (You found it on level 2 of the Vaults)
Scrolls
 a - 6 scrolls of vulnerability {!r!r}
 b - a scroll of immolation {!r!r}
 d - 12 scrolls of poison {!r}
 e - 14 scrolls of fear
 g - 24 scrolls of teleportation {@r4}
 A - 4 scrolls of amnesia
 E - 11 scrolls of fog
 F - 5 scrolls of blinking {!r}
 H - a scroll of summoning
 K - 2 scrolls of silence {!r}
Potions
 c - 7 potions of enlightenment
 f - 4 potions of invisibility
 h - 6 potions of mutation {!q}
 i - a potion of ambrosia
 j - 9 potions of cancellation
 n - 7 potions of haste {@q3}
 p - 5 potions of heal wounds {@q2}
 s - 11 potions of curing {@q1}
 u - 2 potions of magic
 x - 9 potions of brilliance
 z - 6 potions of resistance
 C - 4 potions of might
 D - 4 potions of lignification {!q}
Miscellaneous
 I - a sack of spiders (inert)
   (You bought it in a shop on level 3 of the Shoals)
 L - a lightning rod (4/4)
   (You found it on level 12 of the Dungeon)
 M - a condenser vane
   (You bought it in a shop on level 1 of the Snake Pit)
 O - a phantom mirror
   (You found it on level 5 of the Lair of Beasts)
 P - a phial of floods
   (You found it in a treasure trove)

Dungeon Overview and Level Annotations

Branches:
Dungeon (15/15)            Temple (0/1) D:5            Lair (5/5) D:11
 Shoals (4/4) Lair:3        Snake (4/4) Lair:3        Slime (5/5) Lair:4
    Orc (2/2) D:10            Elf (3/3) Orc:2        Vaults (5/5) D:13
  Crypt (0/3) Vaults:2     Depths (4/4) D:15            Zot (5/5) Depths:4
  IceCv (visited)         Volcano (visited)

Altars:
Ashenzari
Dithmenos
Elyvilon
Gozag
Hepliaklqana
Kikubaaqudgha
Makhleb
Nemelex Xobeh
Okawaru
Ru
Trog
Vehumet
Wu Jian
Xom
Yredelemnul
Zin
The Shining One
Jiyva
Lugonu

Shops:
D:7 =   D:10 (!*!   Orc:2 [*(::   Shoals:1 [   Shoals:3 **   Shoals:4 *
Snake:1 **?   Snake:2 (=:!   Snake:3 [   Snake:4 :*:   Vaults:2 [

Portals:
Hell: Depths:1 Depths:2 Depths:3 Depths:4
Abyss: Lair:5 Depths:3
Pandemonium: Depths:2 Depths:4
Ziggurat: Depths:1

Annotations:
D:3 1 runed translucent door, exclusion: door, Crazy Yiuf
Shoals:4 exclusion: 4 krakens
Elf:1 6 runed translucent doors
Elf:2 3 runed translucent doors
Depths:1 exclusions: dread lich and 4 more exclusions
Zot:5 exclusion: 2 upstairs

###.#.###.#..# #.... #
#..........# ########.... #
#####.##...# #...........
#..######## #######..... #..####
###### ###### #.....
#.....####....####....###.....
#......##....ยง.##......##.....
#..##..##..##&L##..##..##.....
####..##..##..#.v..#..##..##.....
...................#..##..##.....
########..##..##..##..##..##...##
#......##......##.......## ##
##....####....####....#... .#
###### ###### ########. .#
############# #. .# #...........#
## .## #...........# #


You could see Udghearia (petrifying) and a lich (fast, invisible).


Message History

You're already here!
Aiming: Dig
Press: ? - help, Shift-Dir - straight line A rock wall.
This square is covered in magical glow.
The rock shatters into small pieces.
Aiming: Dig
Press: ? - help, Shift-Dir - straight line This square is covered in magical glow.
The rock shatters into small pieces.
Aiming: Dig
Press: ? - help, Shift-Dir - straight line This square is covered in magical glow.
The rock shatters into small pieces.
A chaos spawn, a lich and an Executioner come into view.
Unknown command.
The lich moves out of view.
Unknown command.
Unknown command.
You feel yourself speed up.
The Executioner attacks as it pursues you!
The Executioner hits you!!
The Executioner completely misses you. x2 ๐Ÿ˜• HP[-24]
You take 24 damage, and now have 93/117 hp.
MASSIVE DAMAGE!! (PAUSE) Unknown command.
Udghearia comes into view.
The chaos spawn gurgles horribly!
Unknown command.
Unknown command.
Unknown command.
Okay, then.
Unknown command.
Press: ? - help, v - describe, . - travel
Here: Udghearia The floor.
Unknown command.
You blast the Executioner!!!
Your punch misses the Executioner.
The Executioner gestures.
The Executioner seems to speed up.
You closely miss the Executioner.
The Executioner completely misses you. x3
Unknown command.
You barely miss the Executioner. You block the Executioner's attack.
The Executioner completely misses you. x2
Unknown command.
You hit the Executioner but do no damage.
You buffet the chaos spawn!
The Executioner completely misses you. x2
You block the Executioner's attack.
Unknown command.
The Executioner attacks as it pursues you!
The Executioner completely misses you. x2; The Executioner closely misses you.
The Executioner completely misses you. The Executioner hits you.
The Executioner misses you.
The chaos spawn completely misses you. ๐Ÿ˜• HP[-3]
You take 3 damage, and now have 90/117 hp.
Unknown command.
You closely miss the Executioner. Your punch misses the Executioner.
You batter the chaos spawn!!
Lightning courses through the chaos spawn!
You kill the chaos spawn!
The chaos spawn degenerates into a cloud of primal chaos!
The Executioner hits you. The Executioner completely misses you.
The Executioner hits you but does no damage.
Your condenser vane has recharged. ๐Ÿ˜• HP[-1]
You take 1 damage, and now have 89/117 hp.
Unknown command.
You hit the Executioner.
The Executioner hits you but does no damage.
The Executioner completely misses you. x2
The lich casts a spell.
The lich seems to speed up.
The Executioner misses you.
The Executioner completely misses you. x2
You barely miss the Executioner. You punch the Executioner.
You hit Udghearia but do no damage. The Executioner completely misses you.
The Executioner hits you but does no damage.
The Executioner completely misses you.
You buffet the Executioner!
You kill the Executioner!
You miss Udghearia.
Udghearia is engulfed in seething chaos.
Udghearia is moving more slowly.
Udghearia completely misses you.
You now have 118 max hp (+1).
Casting: Manifold Assault (mildly dangerous; 3% risk of failure)
Confirm with . or Enter, or press ? or * to list all spells.
You need more open space to fit a forest.
Unknown command.
Unknown command.
Blink to where?
Press: ? - help, Dir - move target
As you read the scroll of blinking {!r}, it crumbles to dust.
You block the lich's attack. ๐Ÿ˜• HP[+1] Unknown command.
Unknown command.
The lich mumbles some strange words.
The lich flickers and vanishes for a moment.
Udghearia is engulfed in seething chaos.
You block Udghearia's attack.
You have escaped!

Skill      XL: |  1  2  3  4  5  6  7  8  9 10 11 12 13 14 15 16 17 18 19 20 21 22 23 24 25 |
---------------+----------------------------------------------------------------------------+-----
Stealth        | 2 4 8 10 | 10.0
Spellcasting   | 1 2 3 4 7 |  7.9
Earth Magic    | 1 2 4 5 6 |  6.7
Conjurations   | 2 4 6 |  6.7
Dodging        | 11 14 16 18 19 20 22 24 | 24.0
Fighting       | 9 11 12 14 15 16 17 18 20 | 20.8
Hexes          | 4 7 |  7.5
Summonings     | 2 6 7 10 | 10.0
Evocations     | 4 7 8 |  8.2
Shapeshifting  | 4 8 12 16 19 22 23 24 | 24.2
Unarmed Combat | 8 10 14 15 16 17 18 20 | 20.0
Translocations | 7 8 12 | 12.0
Necromancy     | 8 |  8.0
Transmutations | 3 6 |  6.0

Action                     |  1- 3 |  4- 6 |  7- 9 | 10-12 | 13-15 | 16-18 | 19-21 | 22-24 | 25-27 || total
---------------------------+-------+-------+-------+-------+-------+-------+-------+-------+-------++-------
  Melee: Unarmed           |   113 |    44 |       |    34 |    91 |   540 |  1081 |  1383 |   128 ||  3414
         Punch             |     3 |       |       |     1 |     2 |    66 |    94 |   122 |    11 ||   299
         Bite              |     9 |     1 |       |     8 |    12 |    99 |   120 |    21 |       ||   270
         Headbutt          |       |       |       |     8 |    22 |   147 |   231 |    37 |       ||   445
   Cast: Sandblast         |     9 |   108 |   117 |    63 |    25 |       |       |       |       ||   322
         Stone Arrow       |       |     2 |     4 |   125 |   615 |   565 |       |       |       ||  1311
         Summon Guardian G |       |       |       |    24 |    88 |    53 |     7 |       |       ||   172
         Call Canine Famil |       |       |       |    17 |   104 |    83 |     8 |       |       ||   212
         Blink             |       |       |       |       |       |     3 |     1 |       |       ||     4
         Summon Forest     |       |       |       |       |       |    34 |    24 |     3 |     1 ||    62
         Passage of Golubr |       |       |       |       |       |     3 |     5 |       |       ||     8
         Animate Dead      |       |       |       |       |       |       |     9 |    14 |     1 ||    24
         Wereblood         |       |       |       |       |       |       |     5 |     8 |       ||    13
         Yara's Violent Un |       |       |       |       |       |       |     2 |     2 |     1 ||     5
         Manifold Assault  |       |       |       |       |       |       |   164 |   390 |    35 ||   589
Ability: Blinkbolt         |       |       |       |       |       |       |       |       |     1 ||     1
  Evoke: Wand              |       |     8 |    13 |       |    10 |    18 |     1 |     8 |     3 ||    61
         Lightning rod     |       |       |       |       |       |     4 |     3 |       |       ||     7
         Phantom mirror    |       |       |       |       |       |     2 |     1 |     1 |       ||     4
         Condenser vane    |       |       |       |       |       |     2 |     3 |     1 |     1 ||     7
         Sack of spiders   |       |       |       |       |       |     1 |     2 |     4 |     1 ||     8
         Phial of floods   |       |       |       |       |       |       |       |     1 |       ||     1
    Use: Scroll            |     1 |     5 |     6 |     8 |     8 |    12 |     6 |    12 |     4 ||    62
         Potion            |     1 |     1 |     1 |     1 |     2 |     6 |     7 |    15 |     8 ||    42
   Stab: Sleeping          |     7 |       |       |       |       |    14 |    37 |     3 |       ||    61
         Distracted        |       |       |       |       |     3 |     6 |    22 |    19 |     3 ||    53
         Paralysed         |       |       |       |       |       |     4 |       |       |       ||     4
         Confused          |       |       |       |       |       |     2 |     2 |    12 |       ||    16
         Petrified         |       |       |       |       |       |     1 |     1 |       |       ||     2
         Petrifying        |       |       |       |       |       |       |     2 |       |       ||     2
 Armour: Skin              |    41 |    37 |    24 |    30 |   110 |   573 |   447 |   219 |    24 ||  1505
  Dodge: Dodged            |   126 |    70 |    42 |   100 |   490 |  1940 |  1388 |  1191 |   110 ||  5457
  Block: Other             |       |       |       |       |       |       |     7 |   134 |    12 ||   153
         Reflection        |       |       |       |       |       |       |       |     4 |       ||     4
   Form: Beast             |       |       |       |       |     1 |       |       |       |       ||     1
         Statue            |       |       |       |       |       |     1 |       |       |       ||     1
                           |       |       |       |       |       |       |       |     1 |       ||     1
         Storm             |       |       |       |       |       |       |       |     1 |       ||     1

Levels and vault maps discovered:
D:1:      minmay_arrival_wavy_path, layout_rooms, minmay_surrounded
D:2:      layout_basic, minmay_joined_circles
D:3:      layout_basic, grunt_temple_overflow_champion_of_chaos,
          ashenzari_conservatory_becter, mainiacjoe_overflow_brackets,
          tso_metal_star, mainiacjoe_overflow_catwalk_spiral,
          minmay_goblin_outpost, uniq_crazy_yiuf_cottage
D:4:      layout_basic, lemuel_doored_altar,
          nicolae_hepliaklqana_monster_ancestors, uniq_pikel
D:5:      layout_loops_ring, nicolae_vehumet_altar_sigil,
          mainiacjoe_overflow_boulevard, minmay_temple_entry_arrows,
          hangedman_abyss_or_decor_lesser_grid
D:6:      layout_basic, nicolae_wu_jian_immortal_techniques, glass_columns_a,
          uniq_sigmund, uniq_blork_the_orc, uniq_edmund
D:7:      layout_basic, nicolae_ru_sacrificial_ziggurat,
          nicolae_inconvenience_store, due_unseen_surprise
D:8:      layout_cave_pods, uniq_jeremiah
D:9:      layout_roguey, kennysheep_boxes, uniq_harold
D:10:     layout_basic, zin_academy, orc_0_dummy, serial_shops,
          nicolae_square_shop, shop, nicolae_shop_just_a_little_nook, shop,
          dk_vineyard_2, serial_bayou_lake_a
D:11:     layout_roguey, lair_entry_dummy, lemuel_zombie_altar_kikubaaqudgha
D:12:     layout_roguey, trove_entry_hex_spiral, hellmonk_talismancer
D:13:     layout_roguey, david_vaults_5, uniq_rupert
D:14:     layout_loops_ring, nemelex_xobeh_ov_fountains_minmay,
          kennysheep_doodads
D:15:     grunt_enter_depths_giant_problem, layout_loops_cross,
          kennysheep_crisscross, uniq_jorgrun
Lair:1:   lemuel_slime, layout_loops_ring, serial_bayou, serial_bayou_crossing,
          serial_bayou_lagoon_b, serial_bayou_pond_a, serial_bayou_ford_a,
          serial_bayou_pond_c, serial_bayou_pond_b
Lair:2:   layout_layer_cave, nicolae_lair_lindhole, infiniplex_staircase_pool,
          uniq_maggie
Lair:3:   layout_small_grid, minmay_shoals_entry_beasts,
          minmay_snake_entry_spellcaster
Lair:4:   layout_cave_pods, slime_entry_1, serial_bayou_shore_b
Lair:5:   hellmonk_lair_end_abyssal_woods, layout_concentric_octagons,
          serial_bayou_lagoon_a, chequers_serial_rivers_micro_a,
          grunt_megastairs_1, serial_bayou_shore_b
Shoals:1: layout_shoals, serial_shops, shop
Shoals:2: layout_shoals, nicolae_shoals_mertower, uniq_ilsuiw
Shoals:3: layout_shoals, portal_ice_cave_entry_pillars_1, nicolae_specific_store
Shoals:4: shoals_end_grunt_ice, layout_shoals, serial_shops, shop,
          nicolae_shoals_kraken_party
Snake:1:  layout_cave_shapes, serial_shops, shop, ebering_ghost_gozag
Snake:2:  layout_rooms, serial_shops, shop, shop, shop, nicolae_shop_waterfront,
          uniq_vashnia
Snake:3:  cheibrodos_snake_lava_hold, layout_misc_corridors, serial_shops, shop,
          serial_bayou_shore_a, lemuel_fruit_tree, uniq_agnes
Snake:4:  minmay_snake_end_coiled, layout_cave_town, minmay_shop_star
Slime:1:  layout_caves, nicolae_slime_ancient_tower_intersection
Slime:2:  layout_caves, uniq_dissolution
Slime:3:  layout_caves, cheibrodos_slime_lost_civilization_7
Slime:4:  layout_caves
Slime:5:  slime_pit_nicolae_amoeboid
Orc:1:    layout_caves, nicolae_volcano_entry_lava_flow, uniq_sonja
Orc:2:    st_orc_congregation, layout_diamond_mine, basic_altar,
          nicolae_orc_sculptors_studio, guppyfry_orc_lava_fort, uniq_snorg
Elf:1:    layout_geoelf_octagon, orc_legates, uniq_aizul
Elf:2:    nicolae_elf_blades_crystal_corner, layout_gridlike,
          serial_co_window_serial, co_window_corner_a,
          co_window_of_opportunity_a, co_window_paths_a, co_window_paths_b,
          co_window_paths_a, co_window_unsneaky_path_a, co_window_broadway_c,
          co_window_broadway_c, co_window_corner_cb, co_window_corner_b,
          glass_columns_b
Elf:3:    minmay_elf_hall_not_hex, layout_geoelf_diagonals, hex_medium,
          uniq_bai_suzhen
Vaults:1: nicolae_vaults_big_ls, nicolae_vaults_door_testing_chamber,
          nicolae_vaults_swerve, nicolae_vaults_variable_pillar_hall, st_cross,
          nicolae_vaults_double_plus_1, nicolae_vaults_apartment_2,
          nicolae_vaults_sesquioval_fish, vaults_dpeg_emergency_exit,
          nicolae_vaults_trapezoid_3, layout_vaults_big_room
Vaults:2: ebering_ghost_reflecting_pool, minmay_crypt_entry_vampire_xt,
          nicolae_vaults_windows_and_doors_thing, nicolae_vaults_tetromino_L_2,
          nicolae_vaults_theta, nicolae_vaults_ellipses_ellipsis,
          hangedman_vaults_river_flow, nicolae_vaults_trapezoid_lopsided_2,
          nicolae_vaults_house_1, v_pattern_4,
          nicolae_vaults_security_offices_1, nicolae_vaults_mini_display_case,
          vaults_room_fours, nicolae_vaults_little_squares_5,
          layout_vaults_big_cross, serial_shops, shop, uniq_mennas,
          uniq_frederick
Vaults:3: nicolae_vaults_closet_pinwheel_4, nicolae_vaults_shrinking_rooms_2,
          nicolae_vaults_stepped_doors, nicolae_vaults_little_squares_1,
          hangedman_vaults_corner, dpeg_vaults_monster_row,
          vaults_room_door_hall, nicolae_vaults_little_squares_5, st_hourglassy,
          vaults_room_semicircle, layout_vaults_ring, uniq_margery
Vaults:4: v_misc_30, nicolae_vaults_more_shelving_2, nicolae_vaults_turnstiles,
          v_rooms_4, hangedman_vaults_locks, v_alt_pattern_6,
          vaults_room_door_ring, vaults_room_stairs_pillars,
          nicolae_vaults_diamond_1, layout_vaults_omnigrid
Vaults:5: uniq_jory
Depths:1: layout_roguey [special_room_mythical_zoo], enter_ziggurat_d,
          pf_coc_iceberg, nicolae_figureground_sparkle,
          kennysheep_generic_room_16, uniq_asterion, uniq_nikola
Depths:2: lemuel_vampire_tower, layout_cave_pools, pan_entry, hellmouth_1,
          serial_bayou_pond_e, infiniplex_staircase_zigzag_1
Depths:3: nicolae_herringbone, layout_basic, pf_vacation_house_of_asmodeus,
          abyss_entry, serial_shops, bzr_entry_islet, roderic_lattice_a,
          minmay_protected_statue, uniq_saint_roka
Depths:4: evilmike_zot_entry_basic, layout_gridlike, grunt_hell_entry_dis_old,
          grunt_pan_entry_zigzag, nrook_mini_vaults, interstate_on_off
Zot:1:    kennysheep_ambush_hall, layout_misc_corridors,
          regret_index_zotdec_barnacled_alternative
Zot:2:    layout_misc_corridors, hangedman_zot_decor_slant
Zot:3:    kennysheep_blocky_room, layout_cathedral_of_symmetry,
          st_small_dragon_hoard_2
Zot:4:    layout_cathedral_of_symmetry, nicolae_diode_quadrants
Zot:5:    layout_onion, nicolae_lava_and_water

Notes
Turn   | Place    | Note
-------+----------+-------------------------------------------
     0 | D:1      | MackTheKnife the Felid Chaos Knight began the quest for the
                  | Orb.
     0 | D:1      | Reached XP level 1. HP: 10/10 MP: 2/2
     0 | D:1      | magus.rc [v1.9.6]
    75 | D:1      | Reached skill level 1 in Stealth
   154 | D:1      | Reached skill level 2 in Stealth
   269 | D:1      | Reached XP level 2. HP: 13/14 MP: 3/3
   313 | D:1      | XOM: silly message
   418 | D:1      | Reached skill level 3 in Stealth
   693 | D:1      | XOM: silly message
   812 | D:2      | Reached skill level 4 in Stealth
   861 | D:2      | XOM: potion effect (haste)
   934 | D:2      | Reached XP level 3. HP: 17/17 MP: 4/4
  1023 | D:2      | XOM: silly message
  1040 | D:1      | XOM is BORED!
  1040 | D:1      | XOM: summons 3 hostile shadow creatures
  1180 | D:2      | XOM: 3-stop teleportation journey
  1222 | D:2      | You pick up a book of Geomancy and begin reading...
  1222 | D:2      | You add the spells Sandblast, Passwall, Stone Arrow and
                  | Brom's Barrelling Boulder to your library.
  1225 | D:2      | Learned a level 1 spell: Sandblast
  1233 | D:2      | XOM: give mutations
  1233 | D:2      | Gained mutation: You occasionally lose the ability to read
                  | scrolls when taking damage. [Xom's mischief]
  1233 | D:2      | Gained mutation: You are weak. (Str -2) [Xom's mischief]
  1280 | D:2      | HP: 4/17 [poisoned by an adder]
  1368 | D:1      | XOM: summons 2 hostile demons
  1375 | D:1      | Killed from afar by a white imp
  1409 | D:2      | You pick up a book of Cantrips and begin reading...
  1409 | D:2      | You add the spells Necrotise, Summon Small Mammal and
                  | Apportation to your library.
  1536 | D:2      | XOM: confusion
  1537 | D:2      | XOM: noise
  1610 | D:3      | Found an iron altar of Okawaru.
  1821 | D:3      | XOM: summons 3 hostile shadow creatures
  1931 | D:3      | Reached skill level 1 in Spellcasting
  1931 | D:3      | Reached skill level 1 in Earth Magic
  1931 | D:3      | Reached XP level 4. HP: 21/21 MP: 4/6
  2072 | D:3      | Found a glowing golden altar of the Shining One.
  2216 | D:3      | Found a broken altar of Ashenzari.
  2254 | D:3      | Found a basalt altar of Yredelemnul.
  2258 | D:3      | You pick up a book of Scorching and begin reading...
  2258 | D:3      | You add the spells Scorch, Flame Wave and Summon Cactus
                  | Giant to your library.
  2263 | D:3      | Found a sparkling altar of Nemelex Xobeh.
  2519 | D:3      | XOM: stat loss: -1 Dex (14/15)
  2593 | D:3      | Found a burning altar of Makhleb.
  2593 | D:3      | Found a shimmering altar of Xom.
  2760 | D:3      | XOM: divination: magic mapping
  2926 | D:3      | Reached skill level 2 in Earth Magic
  2979 | D:3      | Found a runed translucent door.
  2980 | D:3      | Noticed Crazy Yiuf
  3002 | D:3      | XOM: silly message
  3018 | D:4      | Reached XP level 5. HP: 15/24 MP: 3/7
  3056 | D:4      | Learned a level 3 spell: Stone Arrow
  3074 | D:4      | XOM: divination: detect creatures
  3367 | D:4      | Found a hazy altar of Hepliaklqana.
  3451 | D:4      | Reached skill level 3 in Earth Magic
  3597 | D:4      | Reached skill level 4 in Earth Magic
  3817 | D:4      | HP: 2/24 [orc wizard/magic dart (8)]
  3820 | D:4      | Gained mutation: You are covered in thick fur. (AC +2)
                  | [Felid growth]
  3820 | D:4      | Reached XP level 6. HP: 3/28 MP: 1/8
  3972 | D:4      | HP: 3/28 [scorpion (5)]
  3974 | D:4      | HP: 1/28 [scorpion (5)]
  3974 | D:4      | Slain by a scorpion
  4016 | D:4      | Reached skill level 1 in Conjurations
  4126 | D:4      | Found a white marble altar of Elyvilon.
  4252 | D:4      | XOM: scenery: 1 doors open, 1 doors close
  4278 | D:4      | XOM: confusion (+ monsters)
  4331 | D:4      | XOM: torment (17/28 hp)
  4430 | D:4      | a lemure changed into an ice devil
  4430 | D:4      | Noticed an ice devil
  4430 | D:4      | XOM: polymorph lemure -> ice devil
  4448 | D:4      | an ice devil changed into a hellwing
  4448 | D:4      | Noticed a hellwing
  4448 | D:4      | XOM: polymorph ice devil -> hellwing
  4502 | D:4      | Noticed Pikel
  4520 | D:5      | Entered Level 5 of the Dungeon
  4605 | D:5      | Found a shadowy altar of Dithmenos.
  4741 | D:5      | Found a radiant altar of Vehumet.
  4762 | D:5      | Found a staircase to the Ecumenical Temple.
  4774 | D:5      | Reached skill level 2 in Spellcasting
  4826 | D:5      | XOM: scenery: 1 doors open
  4835 | D:5      | XOM: fog
  4841 | D:5      | XOM: give mutations
  4841 | D:5      | Gained mutation: Your spells are a little harder to cast,
                  | but a little more powerful. [Xom's grace]
  4841 | D:5      | Gained mutation: Your spells are harder to cast, but more
                  | powerful. [Xom's grace]
  4841 | D:5      | Gained mutation: Your spells are much harder to cast, but
                  | much more powerful. [Xom's grace]
  4848 | D:5      | Reached skill level 2 in Conjurations
  4881 | D:5      | Reached XP level 7. HP: 28/31 MP: 6/11
  4966 | D:5      | Reached skill level 5 in Earth Magic
  4999 | D:5      | Reached skill level 3 in Conjurations
  5145 | D:5      | Reached skill level 4 in Conjurations
  5173 | D:5      | XOM: god gift: 879 gold pieces
  5184 | D:5      | XOM: give mutations
  5184 | D:5      | Gained mutation: Your system is resistant to poisons.
                  | (rPois) [Xom's grace]
  5184 | D:5      | Gained mutation: You have a pair of small horns on your
                  | head. [Xom's grace]
  5249 | D:5      | XOM: 5-stop teleportation journey
  5304 | D:5      | XOM: give mutations
  5304 | D:5      | Gained mutation: You are partially covered in iridescent
                  | scales. (AC +2) [Xom's grace]
  5304 | D:5      | Gained mutation: You are strong-willed. (Will+) [Xom's
                  | grace]
  5411 | D:5      | XOM: cast spell 'Alistair's Intoxication'
  5445 | D:5      | XOM: give mutations
  5445 | D:5      | Gained mutation: You passively dampen the noise of your
                  | surroundings. [Xom's grace]
  5445 | D:5      | Lost mutation: You are weak. (Str -2) [Xom's grace]
  5673 | D:5      | Reached XP level 8. HP: 34/34 MP: 9/12
  5679 | D:5      | XOM: give mutation
  5679 | D:5      | Gained mutation: You passively map a small area around you.
                  | [Xom's grace]
  5690 | D:5      | XOM: give mutations
  5690 | D:5      | Gained mutation: Your thick and shaggy fur keeps you warm.
                  | (AC +3, rC+) [Xom's grace]
  5690 | D:5      | Gained mutation: You are mostly covered in iridescent
                  | scales. (AC +4) [Xom's grace]
  5690 | D:5      | Gained mutation: Your flesh is cold resistant. (rC+) [Xom's
                  | grace]
  5690 | D:5      | Gained mutation: You possess an exceptional clarity of
                  | mind. [Xom's grace]
  5865 | D:6      | Reached skill level 5 in Conjurations
  5913 | D:6      | XOM: 6-stop teleportation journey
  6055 | D:6      | Noticed Edmund
  6055 | D:6      | XOM: 5-stop teleportation journey
  6110 | D:6      | XOM: cleaving
  6121 | D:6      | Killed Edmund
  6202 | D:6      | You pick up a book of Callings and begin reading...
  6202 | D:6      | You add the spells Call Canine Familiar and Summon Guardian
                  | Golem to your library.
  6242 | D:6      | XOM: god gift: longbow {god gift}
  6257 | D:6      | XOM: 4-stop teleportation journey
  6305 | D:6      | XOM: god gift: morningstar {god gift}
  6318 | D:6      | You fall into a shaft and drop 2 floors!
  6470 | D:8      | XOM: god gift: emerald potion {god gift}
  6700 | D:8      | Reached skill level 6 in Earth Magic
  6735 | D:8      | Noticed Jeremiah
  6794 | D:8      | Reached skill level 6 in Conjurations
  6839 | D:8      | XOM: give mutations
  6839 | D:8      | Lost mutation: Your flesh is cold resistant. (rC+) [Xom's
                  | mischief]
  6839 | D:8      | Lost mutation: Your spells are much harder to cast, but
                  | much more powerful. [Xom's mischief]
  6839 | D:8      | Lost mutation: You are strong-willed. (Will+) [Xom's
                  | mischief]
  6859 | D:8      | Reached skill level 3 in Spellcasting
  7004 | D:8      | XOM: summons 4 hostile demons
  7182 | D:6      | XOM: give mutation
  7182 | D:6      | Gained mutation: Your muscles are strong. (Str +4, Int/Dex
                  | -1) [Xom's grace]
  7294 | D:6      | Noticed Blork the orc
  7297 | D:6      | Blork the orc changed into Blork the warg
  7297 | D:6      | Noticed Blork
  7297 | D:6      | Blork the warg changed into Blork the acid dragon
  7297 | D:6      | Noticed Blork
  7297 | D:6      | XOM: polymorph Blork the warg -> Blork the acid dragon
  7300 | D:6      | Killed Blork the acid dragon
  7301 | D:6      | Reached XP level 9. HP: 34/37 MP: 12/14
  7638 | D:6      | XOM: god gift: scroll labelled VIHUEV VYLIH {god gift}
  7683 | D:6      | Found an ornate altar of the Wu Jian Council.
  7689 | D:6      | Noticed Sigmund
  7691 | D:6      | Killed Sigmund
  7692 | D:6      | Reached skill level 4 in Dodging
  7837 | D:7      | XOM: give mutations
  7837 | D:7      | Gained mutation: You are completely covered in iridescent
                  | scales. (AC +6) [Xom's grace]
  7837 | D:7      | Gained mutation: You have very sharp fingernails. [Xom's
                  | grace]
  7837 | D:7      | Gained mutation: You have an increased reservoir of magic.
                  | (+10% MP) [Xom's grace]
  7837 | D:7      | Gained mutation: Your natural rate of healing is unusually
                  | fast. [Xom's grace]
  7863 | D:7      | Found a sacrificial altar of Ru.
  7948 | D:7      | Found Ytimua's Jewellery Shop.
  7993 | D:7      | Reached skill level 4 in Fighting
  8003 | D:7      | Reached skill level 5 in Dodging
  8028 | D:7      | Bought the ring "Erao" {Drain rPois rF++ rCorr Int+2} for
                  | 567 gold pieces
  8028 | D:7      | Bought the ring of Asceticism {Int+6 Dex+2 Stlth+} for 600
                  | gold pieces
  8382 | D:7      | Identified the +2 leather armour "Ynipumiu" {Str+2}
  8542 | D:7      | XOM: god gift: 41 gold pieces
  8899 | D:8      | XOM: polymorph howler monkey -> shapeshifter
  8902 | D:8      | a shapeshifter changed into a salamander
  8902 | D:8      | Noticed a salamander (shapeshifter)
  8903 | D:8      | XOM: enchant monster (good)
  8904 | D:8      | XOM: potion effect (experience)
  8904 | D:8      | Reached skill level 9 in Fighting
  8904 | D:8      | Reached skill level 11 in Dodging
  8904 | D:8      | Reached XP level 10. HP: 49/49 MP: 12/16
  9088 | D:8      | XOM: give mutations
  9088 | D:8      | Lost mutation: You have very sharp fingernails. [Xom's
                  | mischief]
  9088 | D:8      | Lost mutation: Your muscles are strong. (Str +4, Int/Dex
                  | -1) [Xom's mischief]
  9093 | D:8      | Learned a level 3 spell: Summon Guardian Golem
  9166 | D:8      | XOM: chaos cloud
  9167 | D:8      | Killed Jeremiah
  9168 | D:8      | Reached skill level 1 in Hexes
  9309 | D:8      | XOM is BORED!
  9309 | D:8      | XOM: give mutation
  9309 | D:8      | Gained mutation: Your flesh is heat resistant. (rF+) [Xom's
                  | mischief]
  9365 | D:9      | XOM: silly message
  9432 | D:9      | Noticed Harold
  9454 | D:9      | XOM: potion effect (brilliance)
  9465 | D:9      | Killed Harold
  9466 | D:9      | Reached skill level 2 in Hexes
  9466 | D:9      | Reached skill level 1 in Summonings
  9578 | D:9      | You pick up a book of Touch and begin reading...
  9578 | D:9      | You add the spells Kiss of Death, Confusing Touch and
                  | Dispel Undead to your library.
  9731 | D:9      | Reached skill level 3 in Hexes
  9755 | D:9      | XOM: divination: detect creatures
  9764 | D:9      | Reached skill level 4 in Spellcasting
  9764 | D:9      | Reached skill level 2 in Summonings
  9938 | D:9      | Learned a level 3 spell: Call Canine Familiar
  9951 | D:9      | You pick up a book of the Moon and begin reading...
  9951 | D:9      | You add the spells Passage of Golubria, Silence and
                  | Lehudib's Crystal Spear to your library.
 10173 | D:9      | XOM: scenery: create altars
 10198 | D:8      | XOM: god gift: 6 atropa-tipped darts
 10309 | D:10     | Entered Level 10 of the Dungeon
 10384 | D:10     | Found a glowing silver altar of Zin.
 10591 | D:10     | Reached skill level 4 in Hexes
 10664 | D:10     | XOM: 5-stop teleportation journey
 10674 | D:10     | Found Zejamp's Assorted Antiques.
 10674 | D:10     | Found a staircase to the Orcish Mines.
 10735 | D:10     | Bought a scroll labelled DIATAMO WUIQUTZ for 22 gold pieces
 10819 | D:10     | Reached XP level 11. HP: 53/53 MP: 17/20
 10847 | D:10     | Found Geg Kow's Distillery.
 10855 | D:10     | Bought a potion of heal wounds for 65 gold pieces
 10909 | D:10     | Reached skill level 3 in Summonings
 11064 | D:10     | XOM: give mutations
 11064 | D:10     | Lost mutation: Your flesh is heat resistant. (rF+) [Xom's
                  | mischief]
 11064 | D:10     | Lost mutation: You are completely covered in iridescent
                  | scales. (AC +6) [Xom's mischief]
 11120 | D:10     | XOM is BORED!
 11120 | D:10     | XOM: stat loss: -2 Dex (18/20)
 11269 | D:10     | Found Doid's Distillery.
 11597 | D:10     | Found Icoilaof's Antique Weapon Shoppe.
 11759 | D:10     | Bought a glowing peridot amulet for 110 gold pieces
 11793 | D:11     | Identified the "Zodoy"
 11807 | D:11     | Found a staircase to the Lair.
 11911 | D:11     | Reached skill level 5 in Hexes
 11970 | D:11     | XOM: give mutations
 11970 | D:11     | Gained mutation: You are agile. (Dex +4, Str/Int -1) [Xom's
                  | grace]
 11970 | D:11     | Gained mutation: You are resistant to electric shocks.
                  | (rElec) [Xom's grace]
 11996 | D:11     | Found an ancient bone altar of Kikubaaqudgha.
 12070 | D:11     | Reached skill level 5 in Spellcasting
 12107 | D:11     | You add the spells Volatile Blastmotes, Vhi's Electric
                  | Charge and Malign Gateway to your library.
 12124 | D:11     | Reached skill level 4 in Summonings
 12129 | D:11     | XOM: enchant monster (good)
 12133 | D:11     | Reached skill level 6 in Hexes
 12146 | D:11     | XOM: destruction
 12264 | D:11     | XOM: 4-stop teleportation journey
 12295 | D:11     | Noticed a white ugly thing
 12322 | D:11     | Killed a white ugly thing
 12553 | D:11     | Reached skill level 7 in Hexes
 12592 | D:11     | Identified the +0 ring mail "Lawama" {Fly rF+ rC- rN++}
 12629 | Lair:1   | Entered Level 1 of the Lair of Beasts
 12633 | Lair:1   | Reached skill level 5 in Summonings
 12651 | Lair:1   | XOM: polymorph water moccasin -> bullfrog
 12654 | Lair:1   | Reached skill level 6 in Spellcasting
 12668 | Lair:1   | XOM is BORED!
 12668 | Lair:1   | XOM: summons 4 hostile demons
 12991 | Lair:1   | XOM: scenery: create altars
 13123 | Lair:1   | You pick up a book of Burglary and begin reading...
 13123 | Lair:1   | You add the spells Ensorcelled Hibernation and Swiftness to
                  | your library.
 13148 | Lair:1   | Reached skill level 6 in Summonings
 13149 | Lair:1   | You add the spells Olgreb's Toxic Radiance, Ignition and
                  | Discord to your library.
 13169 | Lair:1   | XOM: polymorph wolf -> ice beast
 13199 | Lair:1   | XOM: 4-stop teleportation journey
 13341 | Lair:1   | XOM: fog
 13399 | Lair:1   | XOM: divination: magic mapping
 13406 | Lair:1   | XOM: summons 11 friendly demons
 13424 | Lair:1   | Reached skill level 7 in Spellcasting
 13433 | Lair:1   | Mutation became permanent: You are covered in thick fur.
                  | (AC +2) [Felid growth]
 13433 | Lair:1   | Gained mutation: Your thick and shaggy fur keeps you warm.
                  | (AC +3, rC+) [Felid growth]
 13433 | Lair:1   | Reached XP level 12. HP: 23/57 MP: 18/26
 13503 | Lair:1   | XOM: god gift: 2 orange potions {god gift}
 13599 | Lair:1   | XOM: cast spell 'Chain of Chaos'
 13622 | Lair:1   | XOM: summons friendly red devil
 13626 | Lair:1   | Reached skill level 7 in Summonings
 13742 | Lair:1   | XOM: give mutation
 13742 | Lair:1   | Gained mutation: A frigid envelope surrounds you and
                  | freezes all who hurt you. [Xom's grace]
 13751 | Lair:1   | XOM: scenery: 1 doors open
 13876 | Lair:1   | XOM: enchant monster (good)
 13881 | Lair:1   | XOM: divination: detect items
 13914 | Lair:1   | XOM: enchant monster (bad)
 13934 | Lair:1   | Reached skill level 1 in Evocations
 14044 | Lair:2   | Reached skill level 12 in Dodging
 14044 | Lair:2   | Reached skill level 2 in Evocations
 14433 | Lair:2   | Reached skill level 3 in Evocations
 14863 | Lair:2   | Noticed Maggie
 14875 | Lair:2   | Killed Maggie
 14876 | Lair:2   | Reached skill level 10 in Fighting
 14944 | Lair:2   | Reached skill level 4 in Evocations
 14963 | Lair:2   | Noticed a death yak
 14963 | Lair:2   | Noticed a death yak
 14969 | Lair:2   | XOM: divine lightning
 14983 | Lair:2   | XOM: divination: detect creatures
 14986 | Lair:2   | XOM: potion effect (experience)
 14986 | Lair:2   | Reached skill level 11 in Fighting
 14986 | Lair:2   | Reached skill level 14 in Dodging
 14986 | Lair:2   | Reached XP level 13. HP: 63/63 MP: 27/27
 15000 | Lair:2   | XOM: potion effect (haste)
 15197 | Lair:2   | XOM: divination: magic mapping
 15211 | Lair:2   | XOM: divination: detect items
 15498 | Lair:3   | XOM: divination: detect creatures
 15523 | Lair:3   | Found a staircase to the Snake Pit.
 15589 | Lair:3   | Found a staircase to the Shoals.
 15707 | Lair:3   | You pick up a book of Chaos and begin reading...
 15707 | Lair:3   | You add the spells Conjure Ball Lightning and Disjunction
                  | to your library.
 15714 | Lair:3   | You fall into a shaft and drop 1 floor!
 15880 | Lair:3   | XOM: god gift: 6 stones
 15929 | Lair:3   | Reached skill level 15 in Dodging
 16014 | Lair:3   | Reached skill level 12 in Fighting
 16055 | Lair:3   | XOM: divination: detect creatures
 16312 | Lair:4   | Found a viscous altar of Jiyva.
 16319 | Lair:4   | Found a staircase to the Slime Pits.
 16422 | Lair:4   | You pick up a book of the Hunter and begin reading...
 16422 | Lair:4   | You add the spells Sigil of Binding and Leda's Liquefaction
                  | to your library.
 16479 | Lair:4   | XOM: divination: magic mapping
 16542 | Lair:4   | XOM: summons 2 friendly demons
 16574 | Lair:4   | Reached skill level 16 in Dodging
 16574 | Lair:4   | Reached skill level 1 in Shapeshifting
 16639 | Lair:4   | Reached skill level 2 in Shapeshifting
 16810 | Lair:4   | XOM: scenery: create altars
 16813 | Lair:4   | XOM: god gift: scroll of enchant armour
 17003 | Lair:4   | Reached skill level 3 in Shapeshifting
 17164 | Lair:5   | Entered Level 5 of the Lair of Beasts
 17246 | Lair:5   | Reached skill level 4 in Shapeshifting
 17246 | Lair:5   | Reached XP level 14. HP: 63/69 MP: 8/28
 17253 | Lair:5   | Reached skill level 5 in Shapeshifting
 17422 | Lair:5   | XOM: divine lightning
 17485 | Lair:5   | Reached skill level 6 in Shapeshifting
 17532 | Lair:5   | XOM: god gift: orcbow {god gift}
 17541 | Lair:5   | XOM: god gift: battleaxe {god gift}
 17572 | Lair:5   | Reached skill level 7 in Shapeshifting
 17684 | Lair:5   | XOM: confuse monster(s)
 17736 | Lair:5   | XOM: god gift: 639 gold pieces
 17744 | Lair:5   | XOM: scenery: create altars
 17793 | Lair:5   | XOM: fog
 17872 | Lair:5   | XOM: fog
 17946 | Lair:5   | XOM: blink monster(s)
 17979 | Lair:5   | XOM: give mutation
 17979 | Lair:5   | Lost mutation: Your system is resistant to poisons. (rPois)
                  | [Xom's mischief]
 18013 | Lair:5   | Reached skill level 13 in Fighting
 18622 | Lair:5   | XOM: torment (36/70 hp)
 18694 | Lair:5   | XOM: draining
 18729 | Lair:5   | XOM: swap monsters
 18786 | Lair:5   | XOM: summons 4 hostile shadow creatures
 18795 | Lair:5   | Reached skill level 14 in Fighting
 18815 | Lair:5   | Reached skill level 5 in Stealth
 18887 | Lair:5   | Reached skill level 6 in Stealth
 18966 | Lair:5   | XOM: summons 8 hostile demons
 19235 | Lair:5   | XOM: give mutations
 19235 | Lair:5   | Gained mutation: You are occasionally teleported next to
                  | monsters. [Xom's mischief]
 19235 | Lair:5   | Lost mutation: Your natural rate of healing is unusually
                  | fast. [Xom's mischief]
 19240 | Lair:5   | Reached skill level 7 in Stealth
 19241 | Lair:5   | XOM: silly message
 19309 | Lair:5   | Found a corrupted altar of Lugonu.
 19309 | Lair:5   | Found a one-way gate to the infinite horrors of the Abyss.
 19322 | Lair:5   | Reached skill level 8 in Stealth
 19362 | Lair:5   | Reached skill level 8 in Shapeshifting
 19377 | Lair:5   | XOM: give mutations
 19377 | Lair:5   | Gained mutation: You are weak. (Str -2) [Xom's mischief]
 19377 | Lair:5   | Lost mutation: You are weak. (Str -2) [Xom's mischief]
 19377 | Lair:5   | Gained mutation: Your flesh is cold resistant. (rC+) [Xom's
                  | mischief]
 19377 | Lair:5   | Lost mutation: You occasionally lose the ability to read
                  | scrolls when taking damage. [Xom's mischief]
 19399 | Lair:5   | XOM: stat loss: -1 Dex (23/24)
 19417 | Lair:5   | You pick up a book of the Senses and begin reading...
 19417 | Lair:5   | You add the spells Dazzling Flash and Agony to your
                  | library.
 19631 | Orc:1    | Entered Level 1 of the Orcish Mines
 19832 | Orc:1    | XOM: smoke on damage
 19842 | Orc:1    | XOM: 1-stop teleportation journey
 20072 | Orc:1    | Found a dark tunnel.
 20096 | Volcano  | Entered a volcano
 20163 | Volcano  | XOM: god gift: book of Displacement
 20164 | Volcano  | You pick up a book of Displacement and begin reading...
 20164 | Volcano  | You add the spells Lesser Beckoning, Gell's Gravitas and
                  | Teleport Other to your library.
 20274 | Volcano  | XOM: polymorph fire bat -> rime drake
 20293 | Volcano  | Identified the +1 pair of gloves of Snakes and Ladders
                  | {Stlth+}
 20335 | Volcano  | Noticed a stone giant
 20351 | Volcano  | Killed a stone giant
 20356 | Volcano  | Found a burning altar of Makhleb.
 20364 | Volcano  | XOM: give mutations
 20364 | Volcano  | Lost mutation: You are occasionally teleported next to
                  | monsters. [Xom's mischief]
 20364 | Volcano  | Lost mutation: You have an increased reservoir of magic.
                  | (+10% MP) [Xom's mischief]
 20364 | Volcano  | Lost mutation: You have a pair of small horns on your head.
                  | [Xom's mischief]
 20369 | Volcano  | XOM: silly message
 20568 | Orc:1    | Noticed Sonja
 20573 | Orc:1    | Killed Sonja
 20574 | Orc:1    | Reached XP level 15. HP: 75/75 MP: 16/27
 20711 | Orc:2    | Entered Level 2 of the Orcish Mines
 20720 | Orc:2    | Reached skill level 9 in Shapeshifting
 20723 | Orc:2    | XOM: silly message
 20778 | Orc:2    | Found Vuegakal's Book Shop.
 20792 | Orc:2    | Reached skill level 9 in Stealth
 20952 | Orc:2    | XOM: potion effect (brilliance)
 20989 | Orc:2    | XOM: silly message
 21223 | Orc:2    | Noticed Snorg
 21234 | Orc:2    | Killed Snorg
 21245 | Orc:2    | XOM: cloud trail
 21309 | Orc:2    | XOM: divination: detect items
 21384 | Orc:2    | Reached skill level 10 in Stealth
 21896 | Orc:2    | Reached skill level 10 in Shapeshifting
 21972 | Orc:2    | XOM: divination: magic mapping
 21978 | Orc:2    | XOM: summons 2 friendly demons
 22077 | Orc:2    | XOM: enchant monster (good)
 22078 | Orc:2    | XOM: potion effect (brilliance)
 22238 | Orc:2    | XOM: fake destruction
 22257 | Orc:2    | XOM: polymorph warg -> basilisk
 22276 | Orc:2    | XOM: give mutations
 22276 | Orc:2    | Gained mutation: You are somewhat resistant to further
                  | mutation. [Xom's grace]
 22276 | Orc:2    | Gained mutation: Your mind is acute. (Int +4, Str/Dex -1)
                  | [Xom's grace]
 22303 | Orc:2    | Found a staircase to the Elven Halls.
 22423 | Orc:2    | Found a bloodstained altar of Trog.
 22489 | Orc:2    | Reached skill level 11 in Shapeshifting
 22517 | Orc:2    | XOM: god gift: potion of curing
 22552 | Orc:2    | Found Taplugas's General Store.
 22553 | Orc:2    | Found Pottef's Book Shoppe.
 22555 | Orc:2    | Found Vixun's Antique Armour Emporium.
 22555 | Orc:2    | Found Akiyti's Antique Weapon Emporium.
 22570 | Orc:2    | Bought a scroll of blinking for 75 gold pieces
 22572 | Orc:2    | Bought an Inescapable Atlas for 240 gold pieces
 22572 | Orc:2    | You add the spells Blink and Manifold Assault to your
                  | library.
 22575 | Orc:2    | Learned a level 2 spell: Blink
 22727 | D:11     | XOM: silly message
 22962 | D:4      | Killed Pikel
 23024 | D:4      | You add the spells Sting and Poisonous Vapours to your
                  | library.
 23411 | D:12     | You pick up a book of Weapons and begin reading...
 23411 | D:12     | You add the spells Tukima's Dance and Iskenderun's Mystic
                  | Blast to your library.
 23628 | D:12     | You pick up a book of Frost and begin reading...
 23628 | D:12     | You add the spells Freeze, Frozen Ramparts and Hailstorm to
                  | your library.
 23682 | D:12     | XOM: god gift: helmet {god gift}
 24146 | D:12     | You pick up a book of Changes and begin reading...
 24146 | D:12     | You add the spells Wereblood and Irradiate to your library.
 24172 | D:12     | Reached skill level 12 in Shapeshifting
 24229 | D:12     | Found a portal to a secret trove of treasure.
 24740 | D:13     | Noticed Rupert
 24749 | D:13     | Reached skill level 4 in Unarmed Combat
 24777 | D:13     | Killed Rupert
 24867 | D:13     | XOM: god gift: 54 gold pieces
 24931 | D:13     | Reached skill level 5 in Unarmed Combat
 25096 | D:13     | XOM: stat loss: -1 Int (26/27)
 25228 | D:13     | XOM: silly message
 25239 | D:13     | Reached skill level 6 in Unarmed Combat
 25336 | D:13     | XOM: 5-stop teleportation journey
 25464 | D:13     | Found a gate to the Vaults.
 25492 | D:13     | XOM: cloud trail
 25667 | D:13     | XOM: stat loss: -1 Int (26/27)
 26041 | D:14     | XOM: 3-stop teleportation journey
 26133 | D:14     | XOM: give mutation
 26133 | D:14     | Lost mutation: You possess an exceptional clarity of mind.
                  | [Xom's mischief]
 26233 | D:14     | Reached skill level 7 in Unarmed Combat
 26343 | D:14     | Found a sparkling altar of Nemelex Xobeh.
 26522 | D:14     | XOM: 2-stop teleportation journey
 26548 | D:14     | XOM: summons 1 hostile shadow creature
 26571 | D:14     | Reached skill level 8 in Unarmed Combat
 26863 | D:14     | XOM is BORED!
 26863 | D:14     | XOM: summons 1 hostile demon
 27055 | D:15     | Entered Level 15 of the Dungeon
 27091 | D:15     | XOM: 1-stop teleportation journey
 27098 | D:15     | Reached XP level 16. HP: 68/79 MP: 15/28
 27126 | D:15     | XOM: 1-stop teleportation journey
 27164 | D:15     | HP: 16/79 [boulder beetle (37)]
 27457 | D:15     | Found a staircase to the Depths.
 27579 | D:15     | XOM: polymorph stone giant -> fire giant
 27596 | D:15     | You pick up a book of Winter and begin reading...
 27596 | D:15     | You add the spells Ozocubu's Armour, Metabolic Englaciation
                  | and Simulacrum to your library.
 27641 | D:15     | Reached skill level 9 in Unarmed Combat
 27675 | D:15     | Noticed Jorgrun
 27676 | D:15     | XOM: blink monster(s)
 27680 | D:15     | Mangled by Jorgrun
 27681 | D:15     | XOM: scenery: summon butterflies
 27698 | D:15     | XOM: swap monsters
 27771 | D:15     | XOM: divination: detect creatures
 27795 | D:15     | XOM: divination: magic mapping
 27989 | Lair:3   | XOM: draining
 28010 | Snake:1  | Entered Level 1 of the Snake Pit
 28207 | Snake:1  | XOM: 4-stop teleportation journey
 28221 | Snake:1  | XOM: divination: detect items
 28246 | Snake:1  | HP: 17/75 [constriction (5)]
 28256 | Snake:1  | XOM: enchant monster (bad)
 28443 | Snake:1  | XOM: noise
 28506 | Snake:1  | XOM: potion effect (haste)
 28545 | Snake:1  | Found a runed translucent gate.
 28545 | Snake:1  | Found a runed translucent gate.
 28545 | Snake:1  | Found a runed translucent gate.
 28546 | Snake:1  | Found an opulent altar of Gozag.
 28570 | Snake:1  | Found Kiapunig's Assorted Antiques.
 28571 | Snake:1  | Noticed Noucar's ghost (adept MiMo)
 28573 | Snake:1  | Found Bulothro's Assorted Antiques.
 28647 | Snake:1  | XOM: cast spell 'Chain of Chaos'
 28664 | Snake:1  | Reached skill level 13 in Shapeshifting
 28765 | Snake:1  | XOM is BORED!
 28765 | Snake:1  | XOM: give mutations
 28765 | Snake:1  | Lost mutation: You passively dampen the noise of your
                  | surroundings. [Xom's mischief]
 28765 | Snake:1  | Gained mutation: You sometimes lose your temper in combat.
                  | [Xom's mischief]
 28765 | Snake:1  | Gained mutation: You occasionally lose the ability to read
                  | scrolls when taking damage. [Xom's mischief]
 28798 | Snake:1  | XOM: enchant monster (good)
 28805 | Snake:1  | XOM: noise
 28842 | Snake:1  | XOM: smoke on damage
 28989 | Snake:1  | Identified the +1 cloak of the Grey Skies {rF+ rN+ SInv}
                  | (Xom gifted it to you on level 1 of the Snake Pit)
 28989 | Snake:1  | XOM: god gift: +1 cloak of the Grey Skies {rF+ rN+ SInv}
 29053 | Snake:1  | Found Veirphiq's Magic Scroll Shop.
 29090 | Snake:1  | Bought a scroll of fog for 76 gold pieces
 29090 | Snake:1  | Bought a scroll of fog for 76 gold pieces
 29090 | Snake:1  | Bought a scroll of identify for 38 gold pieces
 29091 | Snake:1  | Bought a scroll of identify for 38 gold pieces
 29315 | Snake:2  | XOM: noise
 29363 | Snake:1  | XOM: enchant monster (bad)
 29377 | Snake:1  | XOM: divination: detect items
 29382 | Snake:1  | XOM: summons friendly ufetubus
 29394 | Snake:1  | XOM: enchant monster (bad)
 29522 | Snake:1  | XOM: draining
 29696 | Snake:1  | Bought a scroll of fog for 124 gold pieces
 29696 | Snake:1  | Bought a potion of heal wounds for 155 gold pieces
 29696 | Snake:1  | Bought a scroll of teleportation for 93 gold pieces
 29706 | Snake:1  | Bought a flickering lead ring for 160 gold pieces
 29706 | Snake:1  | Identified the ring "Tickemp" {Ice rPois Str+3 Dex+2} (You
                  | bought it in a shop on level 1 of the Snake Pit)
 29707 | Snake:1  | Bought a condenser vane for 1280 gold pieces
 29777 | Snake:1  | XOM: silly message
 29789 | Snake:1  | XOM: confuse monster(s)
 29815 | Snake:1  | XOM: summons 4 friendly demons
 29821 | Snake:1  | XOM: blink monster(s)
 29850 | Snake:1  | Killed Noucar's ghost
 29851 | Snake:1  | Reached skill level 14 in Shapeshifting
 30023 | Snake:2  | Noticed Vashnia
 30047 | Snake:2  | Vashnia changed into Vashnia the alligator snapping turtle
 30047 | Snake:2  | Noticed Vashnia
 30047 | Snake:2  | XOM: polymorph Vashnia -> Vashnia the alligator snapping
                  | turtle
 30053 | Snake:2  | Killed Vashnia the alligator snapping turtle
 30061 | Snake:1  | XOM: stat loss: -1 Str (7/8)
 30063 | Snake:1  | XOM: enchant monster (bad)
 30132 | Snake:1  | XOM: enchant monster (good)
 30228 | Snake:1  | XOM: give mutation
 30228 | Snake:1  | Lost mutation: You sometimes lose your temper in combat.
                  | [Xom's grace]
 30282 | Snake:2  | XOM: polymorph naga sharpshooter -> naga sharpshooter
 30503 | Snake:1  | magus.rc [v1.9.6]
 30511 | Snake:1  | HP: 16/79 [naga sharpshooter/bolt[Vashnia] (11)]
 30562 | Snake:1  | XOM: give mutations
 30562 | Snake:1  | Gained mutation: You are robust. (+10% HP) [Xom's grace]
 30562 | Snake:1  | Gained mutation: Your mind is very acute. (Int +8, Str/Dex
                  | -2) [Xom's grace]
 30562 | Snake:1  | Gained mutation: Your flesh is heat resistant. (rF+) [Xom's
                  | grace]
 30795 | Snake:2  | Found Qeakla's Book Boutique.
 30840 | Snake:2  | XOM: give mutations
 30840 | Snake:2  | Gained mutation: Your muscles are strong. (Str +4, Int/Dex
                  | -1) [Xom's grace]
 30840 | Snake:2  | Gained mutation: You are completely covered in iridescent
                  | scales. (AC +6) [Xom's grace]
 30840 | Snake:2  | Gained mutation: Your spells are much harder to cast, but
                  | much more powerful. [Xom's grace]
 30840 | Snake:2  | Gained mutation: You have a pair of small horns on your
                  | head. [Xom's grace]
 30875 | Snake:2  | Found Bapsuat's Distillery.
 30885 | Snake:2  | Bought a potion of heal wounds for 75 gold pieces
 31054 | Snake:2  | XOM: fog
 31065 | Snake:2  | XOM: repel stairs
 31225 | Snake:2  | XOM: torment (44/86 hp)
 31419 | Snake:2  | XOM: enchant monster (bad)
 31537 | Snake:2  | Found Kupnaz's Weapon Boutique.
 31546 | Snake:2  | Found Xuaprir's Jewellery Emporium.
 31556 | Snake:2  | Identified a scroll of acquirement
 31556 | Snake:2  | Identified the of Ontualox (You acquired it on level 2 of
                  | the Snake Pit)
 31556 | Snake:2  | Acquired 1126 gold pieces
 31564 | Snake:2  | Bought a granite talisman for 840 gold pieces
 31742 | Snake:3  | Reached skill level 15 in Shapeshifting
 31889 | Snake:3  | XOM: snakes to sticks
 31892 | Snake:3  | XOM: swap monsters
 31988 | Snake:3  | XOM: stat loss: -1 Dex (21/22)
 32092 | Snake:3  | XOM: god gift: 17 gold pieces
 32230 | Snake:3  | XOM: summons 15 friendly demons
 32236 | Snake:3  | XOM: cleaving
 32294 | Snake:3  | XOM: confuse monster(s)
 32296 | Snake:3  | XOM: confuse monster(s)
 32453 | Snake:3  | Reached skill level 16 in Shapeshifting
 32773 | Snake:3  | XOM: 2-stop teleportation journey
 32797 | Snake:3  | Reached skill level 10 in Unarmed Combat
 32797 | Snake:3  | Reached XP level 17. HP: 91/91 MP: 1/29
 32949 | Snake:3  | Noticed Agnes
 32959 | Snake:3  | Killed Agnes
 33146 | Snake:3  | Found Qinoawn's Antique Armour Boutique.
 33336 | Snake:3  | XOM: stat loss: -1 Int (29/30)
 33357 | Snake:3  | XOM: give mutations
 33357 | Snake:3  | Lost mutation: A frigid envelope surrounds you and freezes
                  | all who hurt you. [Xom's mischief]
 33357 | Snake:3  | Lost mutation: You are somewhat resistant to further
                  | mutation. [Xom's mischief]
 33357 | Snake:3  | Lost mutation: Your flesh is heat resistant. (rF+) [Xom's
                  | mischief]
 33358 | Snake:3  | XOM: chaos cloud
 33463 | Snake:3  | You pick up a book of Minor Magic and begin reading...
 33463 | Snake:3  | You add the spells Magic Dart, Call Imp and Mephitic Cloud
                  | to your library.
 33514 | Snake:4  | Entered Level 4 of the Snake Pit
 33607 | Snake:3  | Reached skill level 11 in Unarmed Combat
 33815 | Snake:4  | Found Efumuc's Book Shop.
 33817 | Snake:4  | Found Xoschusu's General Store.
 33821 | Snake:4  | Found Wakhomacw's Book Shop.
 33826 | Snake:4  | Bought a scroll of blinking for 127 gold pieces
 33982 | Snake:4  | XOM: confusion (+ monsters)
 33986 | Snake:4  | XOM: chaos cloud
 33988 | Snake:4  | Paralysed by you for 3 turns
 34032 | Snake:4  | XOM: summons 9 hostile demons
 34039 | Snake:4  | XOM: silly message
 34193 | Snake:4  | XOM: summons 1 hostile demon
 34367 | Snake:4  | Reached skill level 12 in Unarmed Combat
 34494 | Snake:4  | XOM: give mutations
 34494 | Snake:4  | Lost mutation: Your mind is very acute. (Int +8, Str/Dex
                  | -2) [Xom's mischief]
 34494 | Snake:4  | Lost mutation: You are completely covered in iridescent
                  | scales. (AC +6) [Xom's mischief]
 34494 | Snake:4  | Lost mutation: You passively map a small area around you.
                  | [Xom's mischief]
 34706 | D:12     | You paid a toll of 6 scrolls of fog to enter a treasure
                  | trove
 34707 | Trove    | Identified the "Perialia" (You found it in a treasure
                  | trove)
 34707 | Trove    | Identified the "Jitz" (You found it in a treasure trove)
 34707 | Trove    | Entered a treasure trove
 34768 | Trove    | You pick up a book of Fire and begin reading...
 34768 | Trove    | You add the spells Foxfire, Plasma Beam and Starburst to
                  | your library.
 34775 | Trove    | You pick up a book of the Dragon and begin reading...
 34775 | Trove    | You add the spells Cause Fear, Fireball and Dragon's Call
                  | to your library.
 35046 | Snake:4  | XOM: silly message
 35177 | Snake:4  | XOM: swap monsters
 35182 | Snake:4  | Reached skill level 13 in Unarmed Combat
 35186 | Snake:4  | XOM: cast spell 'Olgreb's Toxic Radiance'
 35209 | Snake:4  | XOM: divination: magic mapping
 35564 | Snake:4  | Got a serpentine rune of Zot
 35698 | Shoals:1 | Entered Level 1 of the Shoals
 35758 | Shoals:1 | XOM: summons friendly ufetubus
 35766 | Shoals:1 | XOM: potion effect (heal wounds)
 35892 | Snake:4  | Bought the Vellum of the Amalgamated Lungs for 646 gold
                  | pieces
 35892 | Snake:4  | You add the spells Static Discharge, Arcjolt and Summon
                  | Forest to your library.
 35892 | Snake:4  | Bought 2 scrolls of teleportation for 102 gold pieces
 35898 | Snake:4  | Learned a level 5 spell: Summon Forest
 36001 | Shoals:1 | Reached skill level 1 in Translocations
 36039 | Shoals:1 | XOM: divination: magic mapping
 36044 | Shoals:1 | Reached skill level 8 in Summonings
 36081 | Shoals:1 | Reached skill level 2 in Translocations
 36083 | Shoals:1 | Reached skill level 14 in Unarmed Combat
 36115 | Shoals:1 | Reached skill level 3 in Translocations
 36305 | Shoals:1 | Found Moxamev's Antique Armour Emporium.
 36306 | Shoals:1 | Identified the +0 helmet of Weightlessness {Drain rF+++ rN+
                  | Dex+3}
 36673 | Shoals:1 | magus.rc [v1.9.6]
 36682 | Shoals:2 | XOM: cast spell 'Discord'
 36687 | Shoals:2 | Reached skill level 4 in Translocations
 36780 | Shoals:1 | Reached skill level 9 in Summonings
 36794 | Shoals:2 | Noticed Ilsuiw
 36803 | Shoals:2 | XOM: divination: detect items
 36817 | Shoals:2 | XOM: fog
 36823 | Shoals:2 | HP: 20/118 [Ilsuiw/+5 trident of freezing (14)]
 36832 | Shoals:2 | Reached skill level 5 in Translocations
 36838 | Shoals:1 | XOM: cast spell 'Disjunction'
 36849 | Shoals:1 | HP: 6/118 [Ilsuiw/shard of ice (43)]
 36874 | Shoals:1 | Killed Ilsuiw
 37026 | Shoals:2 | XOM: enchant monster (good)
 37100 | Shoals:2 | XOM: cast spell 'Metabolic Englaciation'
 37115 | Shoals:2 | Reached skill level 10 in Summonings
 37115 | Shoals:2 | Reached skill level 6 in Translocations
 37118 | Shoals:2 | XOM: summons 2 friendly demons
 37126 | Shoals:2 | XOM: enchant monster (good)
 37168 | Shoals:2 | XOM: summons friendly white imp
 37264 | Shoals:2 | XOM: enchant monster (good)
 37269 | Shoals:2 | Reached skill level 7 in Translocations
 37297 | Shoals:2 | Reached XP level 18. HP: 86/95 MP: 24/30
 37301 | Shoals:2 | Reached skill level 8 in Translocations
 37434 | Shoals:2 | You pick up a book of Dangerous Friends and begin
                  | reading...
 37434 | Shoals:2 | You add the spells Orb of Destruction and Spellforged
                  | Servitor to your library.
 37509 | Shoals:2 | XOM: silly message
 37800 | Shoals:2 | XOM: cast spell 'Summon Mana Viper'
 37863 | Shoals:2 | XOM: cloud trail
 37956 | Shoals:3 | Found a frozen archway.
 37964 | Shoals:3 | XOM: cast spell 'Olgreb's Toxic Radiance'
 38046 | IceCv    | XOM: stealth player
 38046 | IceCv    | Entered an ice cave
 38175 | IceCv    | XOM: silly message
 38275 | IceCv    | XOM: potion effect (heal wounds)
 38279 | IceCv    | XOM: divination: magic mapping
 38338 | IceCv    | XOM: enchant monster (good)
 38363 | IceCv    | Learned a level 4 spell: Passage of Golubria
 38373 | IceCv    | XOM: noise
 38399 | IceCv    | Reached skill level 17 in Dodging
 38402 | IceCv    | HP: 30/124 [enormous slime creature (64)]
 38491 | IceCv    | XOM: noise
 38669 | IceCv    | XOM: silly message
 38703 | IceCv    | XOM: potion effect (brilliance)
 38760 | IceCv    | Found a viscous altar of Jiyva.
 38777 | IceCv    | Got the ring "Vonavad" {rC+ Str+3 Stlth+}
 38925 | Shoals:3 | Identified the +1 leather armour "Pawutem" {rN+ Int-4
                  | Dex+2}
 39013 | Shoals:3 | Reached skill level 15 in Fighting
 39106 | Shoals:3 | You pick up a book of Spatial Translocations and begin
                  | reading...
 39154 | Shoals:3 | XOM: noise
 39252 | Shoals:3 | Found Xuablog's Specific Store.
 39257 | Shoals:3 | Found Qoevet's General Store.
 39269 | Shoals:3 | Bought a sack of spiders for 640 gold pieces
 39269 | Shoals:3 | Bought a potion of resistance for 160 gold pieces
 39408 | Shoals:3 | XOM: silly message
 39421 | Shoals:4 | Identified the "Vosaisk"
 39421 | Shoals:4 | Identified the "Luroytuc"
 39421 | Shoals:4 | Identified the of Ukurhich
 39421 | Shoals:4 | Entered Level 4 of the Shoals
 39438 | Shoals:4 | XOM: cleaving
 39448 | Shoals:4 | HP: 15/126 [wind drake/the air (19)]
 39499 | Shoals:3 | XOM: divination: magic mapping
 39632 | Shoals:4 | XOM: potion effect (magic)
 39989 | Shoals:4 | XOM: divination: detect items
 39997 | Shoals:4 | Reached skill level 5 in Evocations
 40061 | Shoals:4 | XOM: enchant monster (good)
 40290 | Shoals:4 | Got a barnacled rune of Zot
 40339 | Shoals:4 | XOM: polymorph dryad -> wolf spider
 40365 | Shoals:4 | XOM: enchant monster (good)
 40564 | Shoals:4 | Reached skill level 18 in Dodging
 40665 | Shoals:4 | Reached skill level 6 in Evocations
 40739 | Shoals:4 | XOM: divination: detect items
 40757 | Shoals:4 | You pick up a book of Scorching and begin reading...
 40923 | Shoals:4 | Found Jilatett's Assorted Antiques.
 41029 | Shoals:4 | XOM: chaos upgrade
 41076 | Shoals:4 | XOM: polymorph dryad -> shapeshifter
 41135 | Shoals:4 | XOM: cleaving
 41208 | Shoals:3 | XOM: god gift: flail {god gift}
 41429 | Vaults:1 | Entered Level 1 of the Vaults
 41443 | Vaults:1 | Reached skill level 7 in Evocations
 41588 | Vaults:1 | Reached XP level 19. HP: 103/103 MP: 25/31
 41666 | Vaults:1 | XOM: cleaving
 41669 | Vaults:1 | XOM: blink monster(s)
 41975 | Vaults:1 | XOM: scenery: create altars
 42033 | Vaults:1 | Reached skill level 16 in Fighting
 42348 | Vaults:1 | Reached skill level 8 in Evocations
 42390 | Vaults:1 | Reached skill level 19 in Dodging
 42400 | Vaults:1 | You pick up a book of Unlife and begin reading...
 42400 | Vaults:1 | You add the spells Animate Dead, Borgnjor's Vile Clutch and
                  | Death Channel to your library.
 42406 | Vaults:1 | Learned a level 4 spell: Animate Dead
 42474 | Vaults:1 | Reached skill level 1 in Necromancy
 42535 | Vaults:1 | XOM: cloud trail
 42537 | Vaults:2 | Identified the "Poicw"
 42543 | Vaults:2 | Reached skill level 2 in Necromancy
 42570 | Vaults:2 | Reached skill level 3 in Necromancy
 42575 | Vaults:2 | XOM: polymorph warg -> basilisk
 42584 | Vaults:2 | Reached skill level 4 in Necromancy
 42689 | Vaults:2 | XOM: divination: detect creatures
 42713 | Vaults:2 | Found Unes's Antique Armour Shoppe.
 42761 | Vaults:2 | Noticed Mennas
 42782 | Vaults:2 | Killed Mennas
 42783 | Vaults:2 | Reached skill level 5 in Necromancy
 43146 | Vaults:2 | Reached skill level 6 in Necromancy
 43270 | Vaults:2 | Noticed Frederick
 43273 | Vaults:2 | Killed Frederick
 43274 | Vaults:2 | Reached skill level 7 in Necromancy
 43331 | Vaults:2 | XOM: confuse monster(s)
 43838 | D:13     | XOM: divination: magic mapping
 43996 | Vaults:2 | XOM: swap monsters
 44050 | Vaults:2 | Reached skill level 8 in Necromancy
 44211 | Vaults:2 | Found a staircase to the Crypt.
 44215 | Vaults:2 | XOM: enchant monster (bad)
 44223 | Vaults:2 | XOM: give mutation
 44223 | Vaults:2 | Lost mutation: You are resistant to electric shocks.
                  | (rElec) [Xom's mischief]
 44301 | Vaults:2 | Found a runed translucent door.
 44303 | Vaults:2 | Noticed Ciq Qara's ghost (veteran GrEE)
 44329 | Vaults:2 | Killed Ciq Qara's ghost
 44340 | Vaults:2 | You add the spells Vampiric Draining, Borgnjor's
                  | Revivification and Infestation to your library.
 44349 | Vaults:2 | Learned a level 5 spell: Yara's Violent Unravelling
 44693 | Vaults:3 | XOM: summons friendly iron imp
 44969 | Vaults:4 | Reached skill level 15 in Unarmed Combat
 45039 | Vaults:4 | Noticed a dread lich
 45174 | Vaults:4 | You pick up a book of Ice and begin reading...
 45174 | Vaults:4 | You add the spells Ozocubu's Refrigeration and Polar Vortex
                  | to your library.
 45192 | Vaults:4 | Reached skill level 1 in Transmutations
 45325 | Vaults:4 | Reached skill level 2 in Transmutations
 45333 | Vaults:4 | XOM: confuse monster(s)
 45350 | Vaults:4 | XOM: scenery: 1 doors open
 45528 | Vaults:4 | Reached skill level 3 in Transmutations
 45585 | Vaults:4 | Reached XP level 20. HP: 107/107 MP: 25/32
 45589 | Vaults:4 | Reached skill level 4 in Transmutations
 45713 | Vaults:4 | XOM: 6-stop teleportation journey
 45903 | Vaults:4 | You pick up a book of the Warp and begin reading...
 45929 | Vaults:4 | Reached skill level 5 in Transmutations
 45968 | Vaults:4 | XOM: cleaving
 46018 | Vaults:4 | XOM is BORED!
 46018 | Vaults:4 | XOM: chaos upgrade
 46125 | Vaults:3 | Reached skill level 16 in Unarmed Combat
 46164 | Vaults:3 | Reached skill level 6 in Transmutations
 46172 | Vaults:3 | HP: 21/139 [deep elf high priest/damnation (28)]
 46375 | Vaults:3 | XOM: cloud trail
 46463 | Vaults:3 | XOM: divination: detect creatures
 46511 | Vaults:3 | XOM: give mutations
 46511 | Vaults:3 | Gained mutation: Your natural rate of healing is unusually
                  | fast. [Xom's grace]
 46511 | Vaults:3 | Gained mutation: Your flesh is heat resistant. (rF+) [Xom's
                  | grace]
 46511 | Vaults:3 | Gained mutation: You are somewhat resistant to further
                  | mutation. [Xom's grace]
 46581 | Vaults:3 | XOM: scenery: 2 doors close
 46633 | Vaults:3 | Reached skill level 17 in Shapeshifting
 46640 | Vaults:3 | XOM: scenery: 1 doors close
 46785 | Vaults:3 | XOM: cast spell 'Dispersal'
 46788 | Vaults:3 | XOM: enchant monster (good)
 46875 | Vaults:3 | XOM: enchant monster (bad)
 46878 | Vaults:3 | XOM: smoke on damage
 46879 | Vaults:3 | HP: 30/139 [ironbound frostheart/creeping frost (13)]
 46881 | Vaults:3 | HP: 11/139 [ironbound frostheart/creeping frost (20)]
 47180 | Vaults:4 | Killed a dread lich
 47181 | Vaults:4 | Reached skill level 18 in Shapeshifting
 47375 | Vaults:4 | XOM: god gift: wand of roots (5)
 47380 | Vaults:4 | Learned a level 2 spell: Wereblood
 47496 | Vaults:4 | magus.rc [v1.9.6]
 47773 | Orc:2    | XOM: god gift: 3 atropa-tipped darts
 47834 | Crypt:3  | Identified the "Seatuhin"
 47834 | Depths:2 | Identified the "Fete"
 47834 | Depths:2 | Identified the "Faddul"
 47834 | Elf:1    | Entered Level 1 of the Elven Halls
 47834 | Elf:1    | Identified the serpent talisman of Midsummer {Dex+3 Stlth+}
 47834 | Elf:1    | Noticed Aizul
 47840 | Elf:1    | Killed Aizul
 47922 | Elf:1    | You pick up a book of Minor Magic and begin reading...
 48073 | Elf:1    | XOM: cast spell 'Summon Cactus Giant'
 48081 | Elf:1    | Acquired 721 gold pieces
 48401 | Elf:1    | XOM: summons friendly quasit
 48402 | Elf:1    | Paralysed by an air elemental for 1 turns
 48409 | Elf:1    | Reached skill level 19 in Shapeshifting
 48409 | Elf:1    | XOM: summons 2 hostile shadow creatures
 48410 | Elf:1    | XOM: confusion (+ monsters)
 48440 | Elf:1    | XOM: noise
 48457 | Elf:1    | XOM: swap monsters
 48476 | Elf:1    | Found a runed translucent gate.
 48476 | Elf:1    | Found a runed translucent gate.
 48476 | Elf:1    | Found a runed translucent gate.
 48476 | Elf:1    | Found a runed translucent gate.
 48476 | Elf:1    | Found a runed translucent gate.
 48478 | Elf:1    | Found a runed translucent gate.
 48508 | Elf:1    | XOM: summons 3 hostile shadow creatures
 48540 | Elf:1    | XOM: scenery: 1 doors open, 4 doors close
 48546 | Elf:1    | XOM: polymorph deep elf archer -> glowing shapeshifter
 48795 | Elf:2    | XOM: scenery: create altars
 48798 | Elf:2    | XOM: divination: detect items
 48808 | Elf:2    | Reached XP level 21. HP: 112/112 MP: 33/33
 48831 | Elf:2    | Learned a level 4 spell: Manifold Assault
 49057 | Elf:2    | You pick up a book of Party Tricks and begin reading...
 49057 | Elf:2    | You add the spells Jinxbite and Alistair's Intoxication to
                  | your library.
 49082 | Elf:2    | XOM: summons friendly ufetubus
 49091 | Elf:2    | Found a runed translucent gate.
 49092 | Elf:2    | Found a runed translucent gate.
 49092 | Elf:2    | Found a runed translucent gate.
 49276 | Elf:3    | Identified the "Beahac"
 49276 | Elf:3    | Entered Level 3 of the Elven Halls
 49310 | Elf:3    | Reached skill level 9 in Translocations
 49312 | Elf:3    | Noticed Bai Suzhen
 49314 | Elf:3    | XOM: scenery: 1 doors close
 49322 | Elf:3    | Killed Bai Suzhen
 49323 | Elf:3    | XOM: noise
 49326 | Elf:3    | Your ally Bai Suzhen died
 49825 | Elf:3    | You are cast into the Abyss!
 49825 | Abyss:3  | Cast into level 3 of the Abyss (a deep elf sorcerer)
 49825 | Elf:3    | You pass through the gate.
 49825 | Elf:3    | Escaped the Abyss
 49825 | Elf:3    | XOM: revert banishment
 49829 | Elf:3    | Reached skill level 10 in Translocations
 49839 | Elf:3    | Reached skill level 20 in Shapeshifting
 49847 | Elf:3    | Reached skill level 11 in Translocations
 49865 | Elf:3    | XOM: swap monsters
 49867 | Elf:3    | Reached skill level 12 in Translocations
 49867 | Elf:3    | HP: 34/145 [cloud of flame (5)]
 49985 | Elf:3    | Found the +8 mithril axe "Arga" {speed, Will+}
 50029 | Elf:3    | Identified the +1 hat "Puodun" {Harm Str+4}
 50030 | Elf:3    | Identified the +9 scimitar of True Grit {protect, rCorr
                  | Str+4 Dex+2}
 50068 | Elf:3    | Identified the +0 leather armour of Abstinence {Dex+2}
 50071 | Elf:3    | You pick up a book of Blood and begin reading...
 50121 | Elf:3    | You pick up a book of the Wilderness and begin reading...
 50139 | Elf:3    | Identified the ring of Ugue {+Blink rC+ rN+ SInv}
 50150 | Elf:3    | You pick up a book of Minor Magic and begin reading...
 50172 | Elf:3    | Identified the +4 battleaxe of Cheibriados's Hatred
                  | {freeze, rPois Str+3}
 50172 | Elf:3    | XOM: give mutations
 50172 | Elf:3    | Lost mutation: You are mostly covered in iridescent scales.
                  | (AC +4) [Xom's mischief]
 50172 | Elf:3    | Lost mutation: Your flesh is cold resistant. (rC+) [Xom's
                  | mischief]
 50172 | Elf:3    | Lost mutation: You are robust. (+10% HP) [Xom's mischief]
 50196 | Elf:3    | Identified the +10 falchion of Xooqeth {antimagic, Fragile
                  | rElec rC- rN++}
 50660 | D:15     | Killed Jorgrun
 50764 | D:15     | XOM: summons 4 hostile shadow creatures
 50784 | D:15     | XOM: 3-stop teleportation journey
 50866 | D:15     | You pick up a book of Power and begin reading...
 50866 | D:15     | You add the spells Iskenderun's Battlesphere and Bombard to
                  | your library.
 50897 | D:15     | XOM: summons 4 hostile demons
 51030 | Depths:1 | Entered Level 1 of the Depths
 51045 | D:15     | XOM: summons 4 hostile shadow creatures
 51073 | D:15     | Reached skill level 21 in Shapeshifting
 51319 | Depths:1 | Found a one-way gateway to a ziggurat.
 51319 | Depths:1 | Noticed a dread lich
 51319 | Depths:1 | Noticed a dread lich
 51322 | Depths:1 | Noticed Nikola
 51336 | Depths:1 | Killed Nikola
 51561 | Depths:1 | Found a gateway to Hell.
 51696 | Depths:1 | Identified the +0 kite shield of the Slug {Int+2}
 51696 | Depths:1 | Noticed Asterion
 51706 | Depths:1 | Killed Asterion
 52067 | Depths:1 | Reached skill level 22 in Shapeshifting
 52124 | Depths:1 | XOM: give mutation
 52124 | Depths:1 | Lost mutation: You occasionally lose the ability to read
                  | scrolls when taking damage. [Xom's mischief]
 52286 | Depths:1 | Reached XP level 22. HP: 106/106 MP: 3/34
 52310 | Depths:1 | XOM: give mutations
 52310 | Depths:1 | Gained mutation: You are strong-willed. (Will+) [Xom's
                  | grace]
 52310 | Depths:1 | Gained mutation: You are mostly covered in iridescent
                  | scales. (AC +4) [Xom's grace]
 52310 | Depths:1 | Gained mutation: You heal very quickly. [Xom's grace]
 52310 | Depths:1 | Gained mutation: Your flesh is very heat resistant. (rF++)
                  | [Xom's grace]
 52341 | Depths:1 | XOM: silly message
 52521 | Depths:1 | Noticed an ancient lich
 52622 | Depths:1 | XOM: silly message
 52826 | Depths:2 | XOM: 1-stop teleportation journey
 52837 | Depths:2 | XOM: scenery: summon butterflies
 52934 | Depths:2 | XOM: summons 5 friendly demons
 52947 | Depths:2 | XOM: 2-stop teleportation journey
 52951 | Depths:2 | XOM: divination: magic mapping
 52955 | Depths:2 | XOM: polymorph sphinx -> dire elephant
 52969 | Depths:2 | XOM: fake destruction
 52973 | Depths:2 | Found a one-way gate leading to the halls of Pandemonium.
 53066 | Depths:1 | XOM: god gift: 54 gold pieces
 53092 | Depths:2 | XOM: divination: detect items
 53095 | Depths:2 | Identified the +6 arbalest "Yleq Benu" {drain, rF+}
 53228 | Depths:2 | XOM: smoke on damage
 53309 | Depths:1 | XOM: god gift: +2 cloak of preservation
 53328 | Depths:2 | Reached skill level 23 in Shapeshifting
 53999 | Depths:2 | You pick up a book of Death and begin reading...
 54072 | Depths:2 | XOM: summons 3 hostile demons
 54399 | Depths:2 | Found a basalt altar of Yredelemnul.
 54416 | Depths:2 | Identified the staff of the Hurtling Gods {rPois rF+ rC-
                  | Int+3 Fire}
 54489 | Depths:3 | Found a flickering gateway to a bazaar.
 54508 | Depths:3 | XOM: summons friendly quasit
 54533 | Bazaar   | XOM: noise
 54533 | Bazaar   | Entered a bazaar
 54534 | Bazaar   | Found Rydo's Jewellery Emporium.
 54534 | Bazaar   | Found Cuolip's Weapon Emporium.
 54535 | Bazaar   | Found Byisup's Assorted Antiques.
 54544 | Bazaar   | Found Isoczux's Antique Armour Shop.
 54587 | Bazaar   | Bought a scroll of teleportation for 105 gold pieces
 54587 | Bazaar   | Bought a wand of digging (4) for 588 gold pieces
 54587 | Bazaar   | Bought 2 potions of brilliance for 280 gold pieces
 54635 | Depths:3 | Noticed a golden dragon
 54646 | Depths:3 | Killed a golden dragon
 54718 | Depths:3 | XOM: chaos cloud
 54728 | Depths:3 | Noticed a caustic shrike
 54868 | Depths:3 | Noticed Saint Roka
 54868 | Depths:3 | Noticed a caustic shrike
 54869 | Depths:3 | Noticed a caustic shrike
 54870 | Depths:3 | Noticed a caustic shrike
 54872 | Depths:3 | XOM: 1-stop teleportation journey
 55025 | Depths:3 | Killed Saint Roka
 55026 | Depths:3 | Reached skill level 20 in Dodging
 55180 | Depths:3 | XOM: give mutation
 55180 | Depths:3 | Lost mutation: You are mostly covered in iridescent scales.
                  | (AC +4) [Xom's mischief]
 55233 | Depths:3 | Noticed a caustic shrike
 55242 | Depths:3 | Killed a caustic shrike
 55297 | Depths:3 | XOM: 2-stop teleportation journey
 55333 | Depths:3 | Killed a caustic shrike
 55345 | Depths:3 | Noticed a caustic shrike
 55348 | Depths:3 | Killed a caustic shrike
 55357 | Depths:3 | Killed a caustic shrike
 55366 | Depths:3 | XOM: give mutation
 55366 | Depths:3 | Lost mutation: You are partially covered in iridescent
                  | scales. (AC +2) [Xom's mischief]
 55512 | Depths:3 | Killed a caustic shrike
 55681 | Depths:3 | Killed a caustic shrike
 55780 | Depths:3 | Reached skill level 17 in Fighting
 55837 | Depths:3 | XOM: enchant monster (bad)
 55839 | Depths:3 | Reached skill level 17 in Unarmed Combat
 55963 | Depths:3 | XOM: 2-stop teleportation journey
 56073 | Depths:3 | Identified the +5 chain mail of the Sun {Rampage}
 56149 | Depths:3 | Noticed a juggernaut
 56149 | Depths:3 | Noticed a juggernaut
 56149 | Depths:3 | XOM: 1-stop teleportation journey
 56289 | Depths:3 | Killed a juggernaut
 56290 | Depths:3 | Reached XP level 23. HP: 112/112 MP: 2/35
 56462 | Depths:3 | You pick up a book of Touch and begin reading...
 56655 | Depths:3 | XOM: divination: detect creatures
 56667 | Depths:3 | XOM: cast spell 'Cause Fear'
 56675 | Depths:3 | Killed a juggernaut
 56758 | Depths:3 | Reached skill level 21 in Dodging
 57085 | Depths:3 | XOM: cloud trail
 57478 | Depths:3 | You pick up a book of the Warp and begin reading...
 57508 | Depths:3 | You pick up a book of Ice and begin reading...
 57655 | Depths:3 | XOM: god gift: long sword {god gift}
 57678 | Depths:3 | XOM: noise
 57695 | Depths:3 | XOM: 2-stop teleportation journey
 58278 | Depths:4 | Entered Level 4 of the Depths
 58292 | Depths:4 | XOM: noise
 58334 | Depths:4 | You pick up a book of Vapours and begin reading...
 58468 | Depths:4 | XOM: cast spell 'Call Canine Familiar'
 58470 | Depths:4 | XOM: cast spell 'Call Canine Familiar'
 58479 | Depths:4 | XOM: butterfly on damage
 58479 | Depths:4 | XOM: smoke on damage
 58641 | Depths:4 | Reached skill level 18 in Fighting
 58738 | Depths:4 | Reached skill level 18 in Unarmed Combat
 58829 | Depths:4 | XOM: god gift: runed shortbow {god gift}
 59567 | Depths:4 | XOM: scenery: 1 doors close
 59701 | Depths:4 | Found a gate to the Realm of Zot.
 60081 | Vaults:5 | Entered Level 5 of the Vaults
 60092 | Vaults:5 | Reached skill level 22 in Dodging
 60092 | Vaults:5 | XOM: confuse monster(s)
 60101 | Vaults:5 | Noticed an ancient lich
 60118 | Vaults:5 | Killed an ancient lich
 60119 | Vaults:5 | XOM: butterfly on damage
 60123 | Vaults:5 | XOM: confusion (+ monsters)
 60136 | Vaults:5 | XOM: enchant monster (bad)
 60150 | Vaults:5 | Reached XP level 24. HP: 95/120 MP: 9/35
 60171 | Vaults:5 | You pick up a book of the Earth and begin reading...
 60188 | Vaults:5 | Noticed Jory
 60195 | Vaults:5 | XOM: give mutations
 60195 | Vaults:5 | Lost mutation: You heal very quickly. [Xom's mischief]
 60195 | Vaults:5 | Lost mutation: Your spells are much harder to cast, but
                  | much more powerful. [Xom's mischief]
 60195 | Vaults:5 | Lost mutation: Your flesh is very heat resistant. (rF++)
                  | [Xom's mischief]
 60201 | Vaults:5 | XOM: give mutations
 60201 | Vaults:5 | Gained mutation: Your muscles are very strong. (Str +8,
                  | Int/Dex -2) [Xom's mischief]
 60201 | Vaults:5 | Lost mutation: Your flesh is heat resistant. (rF+) [Xom's
                  | mischief]
 60201 | Vaults:5 | Gained mutation: You are vulnerable to heat. (rF-) [Xom's
                  | mischief]
 60213 | Vaults:5 | Killed Jory
 60319 | Vaults:5 | You pick up a book of the Senses and begin reading...
 60513 | Vaults:5 | Reached skill level 19 in Fighting
 60600 | Vaults:5 | Noticed a caustic shrike
 60602 | Vaults:5 | a caustic shrike changed into a golden dragon
 60609 | Vaults:5 | Reached skill level 19 in Unarmed Combat
 60626 | Vaults:5 | Reached skill level 23 in Dodging
 60813 | Vaults:5 | You pick up a book of Spatial Translocations and begin
                  | reading...
 60914 | Vaults:5 | XOM: scenery: create altars
 61095 | Vaults:5 | XOM: give mutations
 61095 | Vaults:5 | Lost mutation: Your mind is acute. (Int +4, Str/Dex -1)
                  | [Xom's mischief]
 61095 | Vaults:5 | Gained mutation: Your magical capacity is low. (-10% MP)
                  | [Xom's mischief]
 61284 | Vaults:5 | You pick up a book of Callings and begin reading...
 61301 | Vaults:5 | You pick up a book of the Wilderness and begin reading...
 61357 | Vaults:5 | XOM: silly message
 61368 | Vaults:5 | an ironbound convoker comes into view. It is wielding the
                  | +9 sword of Power {lifebolt}.
 61446 | Vaults:5 | XOM: chaos cloud
 61539 | Vaults:5 | XOM: enchant monster (bad)
 61681 | Vaults:5 | Got a silver rune of Zot
 61682 | Vaults:5 | Identified the "Ybeg" (You acquired it on level 5 of the
                  | Vaults)
 61682 | Vaults:5 | Acquired 790 gold pieces
 61975 | Vaults:3 | XOM: stat loss: -1 Dex (22/23)
 62240 | Slime:1  | Entered Level 1 of the Pits of Slime
 62322 | Slime:1  | XOM: summons 10 friendly demons
 62461 | Slime:2  | Noticed Dissolution
 62468 | Slime:2  | Killed Dissolution
 62762 | Slime:3  | XOM: give mutations
 62762 | Slime:3  | Lost mutation: Your magical capacity is low. (-10% MP)
                  | [Xom's mischief]
 62762 | Slime:3  | Lost mutation: Your muscles are very strong. (Str +8,
                  | Int/Dex -2) [Xom's mischief]
 62762 | Slime:3  | Lost mutation: Your natural rate of healing is unusually
                  | fast. [Xom's mischief]
 62950 | Slime:5  | Identified the "Ymul"
 62950 | Slime:5  | Entered Level 5 of the Pits of Slime
 62987 | Slime:5  | XOM: stat loss: -1 Str (17/18)
 62998 | Slime:5  | XOM: draining
 63081 | Slime:5  | XOM: divination: magic mapping
 63083 | Slime:5  | XOM: potion effect (curing)
 63088 | Slime:5  | Noticed the Royal Jelly
 63089 | Slime:5  | Reached skill level 24 in Dodging
 63092 | Slime:5  | XOM: scenery: create altars
 63097 | Slime:5  | XOM: scenery: create altars
 63100 | Slime:5  | HP: 23/113 [acid blob/splash of acid[the Royal Jelly] (12)]
 63106 | Slime:5  | XOM: 2-stop teleportation journey
 63125 | Slime:5  | Reached skill level 20 in Fighting
 63157 | Slime:5  | Killed the Royal Jelly
 63158 | Slime:5  | Reached skill level 20 in Unarmed Combat
 63249 | Slime:5  | XOM: 7-stop teleportation journey
 63434 | Slime:5  | You pick up a book of Spectacle and begin reading...
 63493 | Slime:5  | Identified the +3 leather armour of the Will of the Gods
                  | {rPois Dex+4 Slay-6}
 63510 | Slime:5  | You pick up a book of Geomancy and begin reading...
 63516 | Slime:5  | You pick up a book of Sloth and begin reading...
 63541 | Slime:5  | Got a slimy rune of Zot
 63544 | Slime:5  | Identified the ring of Jihiyblu {Fire rElec rPois Int+3}
 63547 | Slime:5  | Identified the ring of Ebledus {rPois Dex+6 Stlth+}
 63551 | Slime:5  | Identified the +0 kite shield of the Ecumenical Temple
                  | {Dex+3}
 63557 | Slime:5  | Identified the +0 dagger of Jeev Hix {flame, Int+2}
 63776 | D:14     | XOM: cloud trail
 63948 | Depths:3 | XOM: cloud trail
 64006 | Zot:1    | Entered Level 1 of the Realm of Zot
 64011 | Zot:1    | magus.rc [v1.9.6]
 64108 | Zot:4    | XOM: god gift: book of Storms
 64109 | Zot:4    | You pick up a book of Storms and begin reading...
 64109 | Zot:4    | You add the spells Airstrike and Summon Lightning Spire to
                  | your library.
 64118 | Zot:4    | XOM: cleaving
 64136 | Zot:5    | Entered Level 5 of the Realm of Zot
 64361 | Zot:5    | XOM: give mutation
 64361 | Zot:5    | Lost mutation: You are somewhat resistant to further
                  | mutation. [Xom's grace]
 64361 | Zot:5    | Gained mutation: You have hidden genetic potential. [Xom's
                  | grace]
 64480 | Zot:5    | XOM: enchant monster (good)
 64492 | Zot:5    | Learned a level 4 spell: Vhi's Electric Charge
 64541 | Zot:5    | Reached XP level 25. HP: 103/126 MP: 5/35
 64708 | Zot:5    | Noticed an orb of fire
 64722 | Zot:5    | Noticed a dread lich
 64722 | Zot:5    | Noticed an electric golem
 64722 | Zot:5    | Noticed a Killer Klown
 64725 | Zot:5    | Killed an orb of fire
 64730 | Zot:5    | Killed an electric golem
 64736 | Zot:5    | Noticed an orb of fire
 64737 | Zot:5    | XOM: destruction
 64741 | Zot:5    | Killed a dread lich
 64743 | Zot:5    | Noticed a Killer Klown
 64745 | Zot:5    | Identified +0 gold dragon scales
 64749 | Zot:5    | Killed a Killer Klown
 64750 | Zot:5    | Reached skill level 24 in Shapeshifting
 64751 | Zot:5    | Noticed an ancient lich
 64755 | Zot:5    | Killed an ancient lich
 64759 | Zot:5    | XOM: divination: detect creatures
 64759 | Zot:5    | Lost mutation: You are strong-willed. (Will+) [an orb of
                  | fire]
 64763 | Zot:5    | Killed a Killer Klown
 64767 | Zot:5    | Killed an orb of fire
 64815 | Zot:5    | XOM: enchant monster (bad)
 64817 | Zot:5    | XOM: blink monster(s)
 64824 | Zot:5    | XOM: polymorph Orb Guardian -> glowing shapeshifter
 64825 | Zot:5    | XOM: summons 14 friendly demons
 64837 | Zot:5    | XOM: summons 4 hostile demons
 65171 | Zot:5    | Got the Orb of Zot
 65180 | Zot:5    | Noticed a seraph
 65185 | Zot:5    | Noticed an ancient lich
 65186 | Zot:5    | XOM: 1-stop teleportation journey
 65204 | Zot:4    | Noticed Teudef the pandemonium lord
 65410 | D:15     | XOM: noise
 65682 | D:1      | XOM: draining
 65709 | D:1      | Noticed Udghearia the pandemonium lord
 65721 | D:$      | Escaped with the Orb!

Vanquished Creatures
  Dissolution (Slime:2)
  the Royal Jelly (Slime:5)
  2 dread liches
  An ancient lich (Zot:5)
  2 orbs of fire (Zot:5)
  Mennas (Vaults:2)
  2 juggernauts (Depths:3)
  Frederick (Vaults:2)
  Bai Suzhen (Elf:3)
  2 Killer Klowns (Zot:5)
  Saint Roka (Depths:3)
  6 caustic shrikes (Depths:3)
  The ghost of Ciq Qara the Pyromancer, a veteran GrEE of Sif Muna (Vaults:2)
  3 golden dragons
  A bone dragon (Depths:4)
  An iron giant (shapeshifter) (Vaults:5)
  An electric golem (Zot:5)
  Rupert (D:13)
  A doom hound (Depths:2)
  Jorgrun (D:15)
  5 walking crystal tomes (Depths:3)
  10 tentacled monstrosities
  A walking earthen tome (Depths:3)
  Asterion (Depths:1)
  17 Orb Guardians
  2 deep elf blademasters (Elf:3)
  A walking frostbound tome (Depths:3)
  16 acid blobs
  4 sphinxes
  4 liches
  4 quicksilver dragons
  3 deep elf master archers (Elf:3)
  A death cob (Zot:4)
  Agnes (Snake:3)
  3 titans
  An Executioner (D:1)
  5 tengu reavers
  3 shadow dragons
  Aizul (Elf:1)
  7 storm dragons
  4 nagarajas
  A draconian knight (Depths:4)
  A revenant (Depths:2)
  Ilsuiw (Shoals:1)
  19 azure jellies
  6 frost giants
  11 fire giants
  8 rockslimes
  9 deep elf sorcerers
  4 deep elf elementalists (Elf:3)
  13 vault wardens
  A ghost moth (Zot:5)
  A spectral juggernaut (Depths:2)
  7 quicksilver oozes
  A caustic shrike skeleton (Depths:2)
  7 ironbound preservers
  3 orc warlords
  2 draconian annihilators (Zot:5)
  3 formless jellyfish
  7 ironbound thunderhulks
  A war gargoyle (Vaults:3)
  2 vampire knights
  16 stone giants
  2 green draconians
  10 deep elf demonologists
  16 very ugly things
  4 deep elf annihilators
  A yellow draconian (Zot:5)
  A black draconian (Zot:4)
  10 spark wasps
  4 dire elephants
  A purple draconian (Zot:4)
  A white draconian (Zot:5)
  2 red draconians (Depths:4)
  5 deep elf death magi
  3 merfolk javelineers (Shoals:4)
  11 fire dragons
  12 ettins
  A blizzard demon (D:13)
  3 crystal guardians
  Snorg (Orc:2)
  3 jiangshi
  4 merfolk impalers
  2 entropy weavers
  An entropy weaver (shapeshifter) (D:12)
  13 yaktaur captains
  6 great orbs of eyes
  Harold (D:9)
  8 deep elf high priests
  A rakshasa (Depths:3)
  A spectral golden dragon (Depths:2)
  An Orb Guardian zombie (Zot:5)
  4 hell beasts
  An ogre mage (D:13)
  8 salamander tyrants
  24 vault guards
  2 anacondas (shapeshifter)
  12 hydras
  6 ice dragons
  2 caustic shrike simulacra
  3 peacekeepers
  2 spriggan air magi
  11 centaur warriors
  A spriggan skeleton (Depths:2)
  6 anacondas
  8 ironbound frosthearts
  2 boulder beetles
  18 dancing weapons
  3 two-headed ogres
  2 merfolk aquamancers
  3 alligator snapping turtles
  2 satyrs (Shoals:4)
  A hell hog (Depths:2)
  3 death yaks
  6 deep troll shamans
  5 spriggan berserkers
  4 orc high priests
  16 naga warriors
  5 vampire magi
  6 deep troll earth magi
  3 thrashing horrors (Lair:5)
  10 naga sharpshooters
  4 shock serpents
  3 occultists
  12 deep elf knights
  2 spriggans (Depths:4)
  Sonja (Orc:1)
  2 soul eaters
  A fire crab (shapeshifter) (Vaults:5)
  15 hell knights
  7 iron trolls
  5 salamander mystics
  A ghost moth zombie (Zot:5)
  9 sea snakes
  3 shadow wraiths
  A storm dragon zombie (Depths:2)
  A death drake (shapeshifter) (D:14)
  5 skysharks
  7 flayed ghosts
  A sixfirhy (D:7)
  23 deep trolls
  A sea snake (shapeshifter) (Vaults:5)
  3 spark wasp zombies
  4 naga ritualists
  21 ironbound convokers
  An obsidian statue (Snake:1)
  8 deep elf archers
  6 glowing orange brains
  A lindwurm (shapeshifter) (Zot:5)
  4 nameless horrors
  4 lindwurms
  6 phantasmal warriors
  A steelbarb worm (shapeshifter) (Vaults:5)
  2 arcanists (Vaults:3)
  Pikel (D:4)
  3 orange crystal statues
  A harpy (shapeshifter) (Lair:5)
  2 fire giant zombies
  12 orc knights
  5 mana vipers
  28 harpies
  29 ugly things
  6 orc sorcerers
  3 shining eyes
  5 cyclopes
  4 necromancers
  15 deep elf pyromancers
  10 deep elf zephyrmancers
  A tengu skeleton (Depths:1)
  4 fauns
  3 moths of wrath
  16 salamanders
  17 manticores
  A guardian serpent (shapeshifter) (D:13)
  8 guardian serpents
  11 merfolk sirens
  59 slime creatures
  7 water nymphs
  A molten gargoyle (Volcano)
  9 naga magi
  15 vault sentinels
  22 black mambas
  A frost giant skeleton (Depths:2)
  2 smoke demons
  15 cane toads
  2 torpor snails (Lair:5)
  A storm dragon simulacrum (Depths:2)
  2 rime drakes
  10 komodo dragons
  6 unseen horrors
  16 yaktaurs
  3 freezing wraiths
  A yaktaur skeleton (Vaults:2)
  Jeremiah (D:8)
  3 golden dragon simulacra (Depths:2)
  3 efreet
  3 tengu conjurers
  3 human zombies (Vaults:5)
  2 tormentors (Depths:4)
  A hellwing (D:4)
  A polar bear (Lair:5)
  A tyrant leech (shapeshifter) (Vaults:5)
  3 wind drakes
  A troll (shapeshifter) (Elf:2)
  19 merfolk
  A polar bear (shapeshifter) (D:8)
  2 tarantellas (shapeshifter)
  6 trolls
  A wind drake (shapeshifter) (Lair:5)
  2 raiju
  2 hornets (Depths:4)
  11 blink frogs
  4 glass eyes
  2 dream sheep (Shoals:2)
  3 snapping turtles
  A fire giant simulacrum (Depths:1)
  2 frost giant simulacra (Depths:2)
  A centaur simulacrum (D:15)
  A spriggan zombie (Depths:2)
  Sigmund (D:6)
  A culicivora (Vaults:1)
  A spriggan (shapeshifter) (D:14)
  An air elemental (Elf:1)
  A flying skull (Depths:1)
  6 vampires
  14 water elementals
  2 wraiths
  A yak (shapeshifter) (Elf:1)
  2 ynoxinuls (Lair:5)
  4 fire bats
  3 wyverns
  3 shadows
  20 yaks
  A large abomination (Lair:5)
  4 fire elementals
  2 vampire mosquitoes (D:11)
  5 basilisks
  A redback (shapeshifter) (D:11)
  A chaos spawn (D:1)
  A human (shapeshifter) (Vaults:5)
  5 wargs
  Edmund (D:6)
  5 small abominations (Lair:5)
  A tengu zombie (Depths:1)
  31 nagas
  2 acid dragons
  5 great orb of eyes simulacra (IceCv)
  9 water moccasins
  5 hell hounds (Depths:1)
  29 orc warriors
  An ice beast (D:6)
  A black bear (D:6)
  8 boggarts (D:15)
  3 ogres
  4 wolves (Lair:4)
  6 centaurs
  4 slime creature simulacra (IceCv)
  2 kobold brigands
  6 scorpions
  12 bullfrogs
  5 glowing shapeshifter simulacra
  5 earth elementals
  A gnoll sergeant (D:13)
  11 wights
  4 howler monkeys
  6 electric eels
  A hound (D:6)
  5 lava snakes (Volcano)
  A gnoll bouda (D:9)
  5 jellies
  19 orc priests
  5 iguanas
  A sleepcap (D:4)
  30 orc wizards
  11 gnolls
  8 adders
  3 worms
  A dart slug (D:4)
  72 orcs
  11 ball pythons
  12 bats
  13 endoplasms
  2 giant cockroaches
  12 goblins
  14 hobgoblins
  8 kobolds
  5 quokkas
  2 frilled lizards
  5 rats
  2 rat zombies (D:11)
  A spectral hobgoblin (D:4)
1655 creatures vanquished.

Vanquished Creatures (collateral kills)
  An ancient lich (Vaults:5)
  A golden dragon (Depths:3)
  Jory (Vaults:5)
  A lich (Depths:4)
  A tentacled monstrosity (Vaults:5)
  5 Orb Guardians (Zot:5)
  A titan (Depths:3)
  The ghost of Noucar the Fighter, an adept MiMo of Uskayaw (Snake:1)
  3 acid blobs (Slime:5)
  A shadow dragon (Vaults:5)
  2 tengu reavers
  2 azure jellies
  2 rockslimes
  3 vault wardens
  A quicksilver ooze (Slime:4)
  A very ugly thing (Depths:3)
  5 ironbound preservers
  3 orc warlords
  3 ironbound thunderhulks (Vaults:3)
  2 war gargoyles
  3 dire elephants
  A black draconian (Depths:4)
  A crystal guardian (Vaults:2)
  2 deep elf high priests (Vaults:5)
  5 merfolk impalers
  A fire dragon (Depths:4)
  3 merfolk javelineers
  2 yaktaur captains (Vaults:4)
  2 vault guards (Vaults:5)
  A peacekeeper (Vaults:2)
  An ice dragon (shapeshifter) (Depths:3)
  An alligator snapping turtle (Shoals:4)
  A caustic shrike simulacrum (Depths:2)
  2 centaur warriors
  2 satyrs (Shoals:4)
  A merfolk aquamancer (Shoals:4)
  3 ironbound frosthearts
  A death yak (Lair:5)
  4 naga warriors
  2 orc high priests (Orc:2)
  3 hell knights (Depths:3)
  3 sea snakes (Shoals:4)
  A kraken simulacrum (Shoals:4)
  2 arcanists
  8 harpies
  3 lindwurms
  7 deep trolls
  An orc knight (Vaults:4)
  7 ironbound convokers
  3 necromancers
  2 manticores
  A shining eye (Slime:5)
  A human zombie (Vaults:2)
  3 salamanders
  7 ugly things
  8 fauns
  8 merfolk sirens
  A naga mage (Snake:1)
  3 vault sentinels
  2 black mambas (Snake:3)
  2 cane toads
  A molten gargoyle (Volcano)
  Maggie (Lair:2)
  3 komodo dragons
  16 merfolk
  13 yaktaurs
  2 wind drakes (Shoals:4)
  6 blink frogs
  A frost giant simulacrum (Depths:2)
  2 snapping turtles
  12 yaks
  An air elemental (D:12)
  7 slime creatures
  A fire elemental (Elf:3)
  4 water elementals
  A vampire (Vaults:2)
  A basilisk (Lair:5)
  A redback (Vaults:1)
  7 nagas
  3 orc warriors
  A small abomination (Lair:5)
  5 wolves (Lair:4)
  A centaur (D:15)
  A human skeleton (Vaults:2)
  2 jellies (Lair:1)
  2 orc priests
  An orc wizard (Orc:1)
  7 orcs
  6 endoplasms (Lair:1)
  A tentacle (Shoals:4)
265 creatures vanquished.

Vanquished Creatures (others)
  Nikola (Depths:1)
  A nagaraja (Snake:4)
  A fire giant (Depths:3)
  A caustic shrike zombie (Depths:3)
  A vault warden (Vaults:2)
  A juggernaut zombie (Depths:3)
  2 ironbound thunderhulks
  2 rockslime zombies (Slime:5)
  A stone giant (Volcano)
  A quicksilver dragon zombie (Zot:5)
  6 very ugly thing zombies
  2 merfolk impalers (Shoals:4)
  An ettin (Orc:1)
  An acid blob zombie (Slime:5)
  A deep elf death mage (Elf:3)
  A deep elf high priest (Elf:3)
  A vault guard (Vaults:2)
  An ironbound frostheart (Vaults:4)
  10 Orb Guardian zombies (Zot:5)
  An azure jelly zombie (Slime:5)
  3 naga warriors (Snake:4)
  4 dancing weapons
  A satyr (Shoals:4)
  A storm dragon zombie (Elf:3)
  A boulder beetle (Lair:5)
  2 anacondas
  3 death yaks
  2 spark wasp zombies (Depths:3)
  2 ogre zombies
  2 golden dragon zombies
  A naga ritualist (Snake:3)
  2 harpies (Shoals:1)
  2 orc knights (Orc:2)
  2 ironbound convokers
  A deep elf pyromancer (Elf:3)
  A tengu zombie (Depths:3)
  2 ugly thing zombies (Depths:1)
  An oklob plant (Lair:1)
  7 ugly things
  A fire giant zombie (Depths:3)
  3 stone giant zombies
  32 human zombies
  A cyclops (D:11)
  A manticore (Shoals:1)
  A faun (Shoals:2)
  4 centaur zombies (Vaults:3)
  2 black mambas
  4 cane toads
  A torpor snail (Lair:2)
  4 dire elephant zombies
  A naga mage (Snake:4)
  A sea snake zombie (Vaults:5)
  A yellow draconian zombie (Zot:5)
  A komodo dragon (Lair:2)
  A merfolk (Shoals:4)
  3 ice dragon zombies (Depths:3)
  2 ettin zombies (Vaults:5)
  7 blink frogs
  A slime creature (IceCv)
  2 fire dragon zombies
  An elf zombie (Vaults:5)
  25 yaks
  A basilisk (Lair:5)
  9 deep troll zombies
  10 nagas
  A great orb of eyes simulacrum (IceCv)
  A water moccasin (Lair:1)
  A large abomination (Lair:5)
  2 orc zombies
  2 orc warriors (Elf:2)
  A lindwurm zombie (Zot:5)
  3 yaktaur zombies
  A glowing shapeshifter simulacrum (IceCv)
  A small abomination (Lair:5)
  2 orc priests
  2 orc wizards (Elf:1)
  A gnoll (D:9)
  3 orcs
  An endoplasm (Lair:1)
  23 snaplasher vines
  8 tentacles (Shoals:4)
250 creatures vanquished.

Grand Total: 2170 creatures vanquished

Table legend:
 A = Non-vault XP
 B = Vault XP
 C = Vault XP percentage of total XP
 D = Non-vault monster count
 E = Vault monster count
 F = Vault count percentage of total count
                 A         B        C        D         E       F
            +---------+---------+-------+---------+---------+-------
      Total |  578981 |  596092 |  50.7 |    1195 |     786 |  39.7
            +---------+---------+-------+---------+---------+-------
        D:1 |      23 |       8 |  25.8 |      14 |       4 |  22.2
        D:2 |      29 |      25 |  46.3 |      11 |      11 |  50.0
        D:3 |      93 |      15 |  13.9 |      17 |       8 |  32.0
        D:4 |     362 |     620 |  63.1 |      26 |       3 |  10.3
        D:5 |     896 |       0 |   0.0 |      21 |       0 |   0.0
        D:6 |     538 |     535 |  49.9 |      12 |       3 |  20.0
        D:7 |     592 |       0 |   0.0 |       8 |       0 |   0.0
        D:8 |     977 |     353 |  26.5 |      16 |       1 |   5.9
        D:9 |     893 |     889 |  49.9 |      18 |       1 |   5.3
       D:10 |    1652 |       0 |   0.0 |      18 |       0 |   0.0
       D:11 |    4289 |       2 |   0.0 |      16 |       2 |  11.1
       D:12 |    7006 |     480 |   6.4 |      18 |       2 |  10.0
       D:13 |    6184 |    6064 |  49.5 |      17 |       7 |  29.2
       D:14 |    9937 |       0 |   0.0 |      20 |       0 |   0.0
       D:15 |   14727 |    3169 |  17.7 |      34 |       2 |   5.6
     Lair:1 |    6869 |     753 |   9.9 |      28 |      20 |  41.7
     Lair:2 |    6654 |    1639 |  19.8 |      22 |       3 |  12.0
     Lair:3 |    2854 |    1514 |  34.7 |      10 |       3 |  23.1
     Lair:4 |    6869 |       0 |   0.0 |      29 |       0 |   0.0
     Lair:5 |   22092 |   11410 |  34.1 |      59 |      39 |  39.8
   Shoals:1 |   13448 |    1311 |   8.9 |      28 |       1 |   3.4
   Shoals:2 |   20872 |    4899 |  19.0 |      40 |       9 |  18.4
   Shoals:3 |   13150 |       0 |   0.0 |      29 |       0 |   0.0
   Shoals:4 |   17537 |   18868 |  51.8 |      37 |      31 |  45.6
    Snake:1 |   19295 |    7298 |  27.4 |      34 |      10 |  22.7
    Snake:2 |    7365 |    2398 |  24.6 |      16 |       3 |  15.8
    Snake:3 |   24561 |    8807 |  26.4 |      45 |      12 |  21.1
    Snake:4 |   15137 |   19089 |  55.8 |      35 |      33 |  48.5
    Slime:1 |    8052 |       0 |   0.0 |      13 |       0 |   0.0
    Slime:2 |    7415 |    7643 |  50.8 |      14 |       1 |   6.7
    Slime:4 |    8653 |       0 |   0.0 |      17 |       0 |   0.0
    Slime:5 |    8903 |   26763 |  75.0 |      10 |      19 |  65.5
      Orc:1 |    2354 |     776 |  24.8 |      33 |       1 |   2.9
      Orc:2 |    2218 |   16195 |  88.0 |      27 |      76 |  73.8
      Elf:1 |   11905 |   11982 |  50.2 |      20 |      24 |  54.5
      Elf:2 |   13850 |    1662 |  10.7 |      25 |       2 |   7.4
      Elf:3 |   15315 |   39505 |  72.1 |      25 |      35 |  58.3
   Vaults:1 |   16638 |   10967 |  39.7 |      24 |      12 |  33.3
   Vaults:2 |   19407 |   24929 |  56.2 |      30 |      27 |  47.4
   Vaults:3 |   33297 |   27345 |  45.1 |      47 |      34 |  42.0
   Vaults:4 |   40548 |   17245 |  29.8 |      47 |      27 |  36.5
   Vaults:5 |   15338 |  103968 |  87.1 |      21 |      95 |  81.9
   Depths:1 |   28011 |   23552 |  45.7 |      37 |      33 |  47.1
   Depths:2 |   10021 |   36752 |  78.6 |      13 |      48 |  78.7
   Depths:3 |   55543 |   69860 |  55.7 |      52 |      59 |  53.2
   Depths:4 |   34453 |   11019 |  24.2 |      37 |      12 |  24.5
      Zot:1 |    2542 |       0 |   0.0 |       2 |       0 |   0.0
      Zot:3 |     484 |       0 |   0.0 |       1 |       0 |   0.0
      Zot:4 |    3565 |       0 |   0.0 |       3 |       0 |   0.0
      Zot:5 |   13870 |   59000 |  81.0 |      11 |      27 |  71.1
      IceCv |    1698 |   13507 |  88.8 |       8 |      32 |  80.0
    Volcano |       0 |    3276 | 100.0 |       0 |      14 | 100.0
            +---------+---------+-------+---------+---------+-------

Skill      XL: |  1  2  3  4  5  6  7  8  9 10 11 12 13 14 15 16 17 18 19 20 21 22 23 24 25 |
---------------+----------------------------------------------------------------------------+-----
Stealth        | 2 4 8 10 | 10.0
Spellcasting   | 1 2 3 4 7 |  7.9
Earth Magic    | 1 2 4 5 6 |  6.7
Conjurations   | 2 4 6 |  6.7
Dodging        | 11 14 16 18 19 20 22 24 | 24.0
Fighting       | 9 11 12 14 15 16 17 18 20 | 20.8
Hexes          | 4 7 |  7.5
Summonings     | 2 6 7 10 | 10.0
Evocations     | 4 7 8 |  8.2
Shapeshifting  | 4 8 12 16 19 22 23 24 | 24.2
Unarmed Combat | 8 10 14 15 16 17 18 20 | 20.0
Translocations | 7 8 12 | 12.0
Necromancy     | 8 |  8.0
Transmutations | 3 6 |  6.0

Action                     |  1- 3 |  4- 6 |  7- 9 | 10-12 | 13-15 | 16-18 | 19-21 | 22-24 | 25-27 || total
---------------------------+-------+-------+-------+-------+-------+-------+-------+-------+-------++-------
  Melee: Unarmed           |   113 |    44 |       |    34 |    91 |   540 |  1081 |  1383 |   128 ||  3414
         Punch             |     3 |       |       |     1 |     2 |    66 |    94 |   122 |    11 ||   299
         Bite              |     9 |     1 |       |     8 |    12 |    99 |   120 |    21 |       ||   270
         Headbutt          |       |       |       |     8 |    22 |   147 |   231 |    37 |       ||   445
   Cast: Sandblast         |     9 |   108 |   117 |    63 |    25 |       |       |       |       ||   322
         Stone Arrow       |       |     2 |     4 |   125 |   615 |   565 |       |       |       ||  1311
         Summon Guardian G |       |       |       |    24 |    88 |    53 |     7 |       |       ||   172
         Call Canine Famil |       |       |       |    17 |   104 |    83 |     8 |       |       ||   212
         Blink             |       |       |       |       |       |     3 |     1 |       |       ||     4
         Summon Forest     |       |       |       |       |       |    34 |    24 |     3 |     1 ||    62
         Passage of Golubr |       |       |       |       |       |     3 |     5 |       |       ||     8
         Animate Dead      |       |       |       |       |       |       |     9 |    14 |     1 ||    24
         Wereblood         |       |       |       |       |       |       |     5 |     8 |       ||    13
         Yara's Violent Un |       |       |       |       |       |       |     2 |     2 |     1 ||     5
         Manifold Assault  |       |       |       |       |       |       |   164 |   390 |    35 ||   589
Ability: Blinkbolt         |       |       |       |       |       |       |       |       |     1 ||     1
  Evoke: Wand              |       |     8 |    13 |       |    10 |    18 |     1 |     8 |     3 ||    61
         Lightning rod     |       |       |       |       |       |     4 |     3 |       |       ||     7
         Phantom mirror    |       |       |       |       |       |     2 |     1 |     1 |       ||     4
         Condenser vane    |       |       |       |       |       |     2 |     3 |     1 |     1 ||     7
         Sack of spiders   |       |       |       |       |       |     1 |     2 |     4 |     1 ||     8
         Phial of floods   |       |       |       |       |       |       |       |     1 |       ||     1
    Use: Scroll            |     1 |     5 |     6 |     8 |     8 |    12 |     6 |    12 |     4 ||    62
         Potion            |     1 |     1 |     1 |     1 |     2 |     6 |     7 |    15 |     8 ||    42
   Stab: Sleeping          |     7 |       |       |       |       |    14 |    37 |     3 |       ||    61
         Distracted        |       |       |       |       |     3 |     6 |    22 |    19 |     3 ||    53
         Paralysed         |       |       |       |       |       |     4 |       |       |       ||     4
         Confused          |       |       |       |       |       |     2 |     2 |    12 |       ||    16
         Petrified         |       |       |       |       |       |     1 |     1 |       |       ||     2
         Petrifying        |       |       |       |       |       |       |     2 |       |       ||     2
 Armour: Skin              |    41 |    37 |    24 |    30 |   110 |   573 |   447 |   219 |    24 ||  1505
  Dodge: Dodged            |   126 |    70 |    42 |   100 |   490 |  1940 |  1388 |  1191 |   110 ||  5457
  Block: Other             |       |       |       |       |       |       |     7 |   134 |    12 ||   153
         Reflection        |       |       |       |       |       |       |       |     4 |       ||     4
   Form: Beast             |       |       |       |       |     1 |       |       |       |       ||     1
         Statue            |       |       |       |       |       |     1 |       |       |       ||     1
                           |       |       |       |       |       |       |       |     1 |       ||     1
         Storm             |       |       |       |       |       |       |       |     1 |       ||     1

Illustrated notes

Table legend:
 A = Kills in this place as a percentage of kills in the entire game.
 B = Kills by you in this place as a percentage of kills by you in the entire game.
 C = Kills by friends in this place as a percentage of kills by friends in the entire game.
 D = Other kills in this place as a percentage of other kills in the entire game.
 E = Experience gained in this place as a percentage of experience gained in the entire game.
 F = Experience gained in this place divided by the number of levels of this place that you have seen.
                   A       B       C       D       E      F
               +-------+-------+-------+-------+-------+----------------------
         Total | 100.0 | 100.0 | 100.0 | 100.0 | 100.0 | 20763.5
       Dungeon |  15.9 |  18.5 |   1.5 |  11.2 |   5.7 | 4473.7
          Lair |  10.7 |   7.8 |  15.8 |  39.7 |   5.1 | 12130.8
        Shoals |   8.8 |   6.3 |  25.5 |   6.0 |   7.6 | 22521.2
     Snake Pit |   9.5 |   9.3 |   6.9 |  17.2 |   8.8 | 25987.5
    Slime Pits |   3.7 |   4.4 |   1.2 |   0.0 |   5.7 | 13485.8
  Orcish Mines |   6.9 |   7.3 |   5.8 |   4.3 |   1.8 | 10771.5
   Elven Halls |   6.6 |   7.6 |   0.4 |   6.0 |   8.0 | 31406.3
        Vaults |  18.3 |  16.7 |  32.0 |  10.3 |  26.2 | 61936.4
        Depths |  14.7 |  17.0 |   6.2 |   1.7 |  22.9 | 67728.2
           Zot |   2.2 |   2.4 |   1.9 |   0.0 |   6.7 | 15892.2
      Ice Cave |   2.0 |   1.9 |   2.3 |   2.6 |   1.3 | 15205.0
       Volcano |   0.7 |   0.7 |   0.4 |   0.9 |   0.3 | 3276.0
               +-------+-------+-------+-------+-------+----------------------

Table legend: (Time is in decaauts)
 A = Elapsed time spent in this place.
 B = Non-inter-level travel time spent in this place.
 C = Inter-level travel time spent in this place.
 D = Time resting spent in this place.
 E = Time spent auto-exploring this place.
 F = Levels seen in this place.
 G = Mean time per level.
                   A        B        C        D        E       F      G
               +--------+--------+--------+--------+--------+-----+--------+
         Total |  71864 |  64672 |   7192 |  10813 |  37108 |  57 | 1260.8 |
       Dungeon |  18466 |  15791 |   2675 |   1783 |  10588 |  15 | 1231.1 |
          Lair |   7174 |   6196 |    978 |    899 |   3675 |   5 | 1434.8 |
        Shoals |   7407 |   6831 |    576 |   1826 |   3228 |   4 | 1851.8 |
     Snake Pit |   8295 |   7472 |    823 |   1989 |   3303 |   4 | 2073.8 |
    Slime Pits |   1134 |   1074 |     60 |    554 |     48 |   5 |  226.8 |
  Orcish Mines |   2509 |   2203 |    306 |    211 |   1306 |   2 | 1254.5 |
   Elven Halls |   3540 |   3333 |    207 |    117 |   2263 |   3 | 1180.0 |
        Vaults |  10571 |   9651 |    920 |   1227 |   5910 |   5 | 2114.2 |
        Depths |   9768 |   9128 |    640 |   1132 |   6475 |   4 | 2442.0 |
           Zot |   1207 |   1204 |      3 |    464 |    156 |   5 |  241.4 |
         Abyss |      0 |      0 |      0 |      0 |      0 |   1 |    0.0 |
        Bazaar |     73 |     73 |      0 |      0 |      0 |   1 |   73.0 |
         Trove |    121 |    121 |      0 |      0 |      0 |   1 |  121.0 |
      Ice Cave |   1177 |   1177 |      0 |    463 |    141 |   1 | 1177.0 |
       Volcano |    417 |    417 |      0 |    143 |     12 |   1 |  417.0 |
               +--------+--------+--------+--------+--------+-----+--------+

Top non-repeatable levels by time:
Depths:3: 3619 daAuts
Depths:1: 2836 daAuts
Vaults:2: 2641 daAuts
 Snake:3: 2530 daAuts
 Snake:1: 2368 daAuts
Vaults:4: 2354 daAuts
 Snake:4: 2198 daAuts
Shoals:3: 2192 daAuts
  Lair:5: 2105 daAuts
Vaults:1: 2065 daAuts
   Orc:2: 1831 daAuts
Shoals:1: 1819 daAuts
Depths:2: 1768 daAuts
Vaults:3: 1766 daAuts
Vaults:5: 1744 daAuts
